 Dungeon Crawl Stone Soup version 0.30-a0-170-g85af917532 (webtiles) character file.

Game seed: 12118762909995378178

335607 qw the Slayer (level 22, -3/170 HPs)
             Began as a Gargoyle Fighter on Sept 30, 2022.
             Was a High Priest of Okawaru.
             Slain by a naga warrior
             ... wielding a +0 halberd
              (9 damage)
             ... on level 4 of the Snake Pit.
             The game lasted 00:25:58 (52743 turns).

qw the Slayer (Gargoyle Fighter)                   Turns: 52743, Time: 00:25:59

Health: -3/170     AC: 58    Str: 30    XL:     22   Next: 21%
Magic:  38/38      EV: 13    Int:  9    God:    Okawaru [*****.]
Gold:   815        SH: 21    Dex: 12    Spells: 21/21 levels left

rFire   . . .      SeeInvis .    j - +1 broad axe (vamp)
rCold   + . .      Faith    .    C - +0 kite shield
rNeg    + + +      Spirit   .    D - +7 pearl dragon scales of Mifowalo {rC+ rN+ Str-5 Dex+3}
rPois   inf        Reflect  +    h - +2 hat
rElec   +          Harm     .    s - +2 cloak {Stlth+}
rCorr   .          Rampage  .    q - +2 pair of gloves {hurl}
Will    +....      NoTele   +    (no boots)
Stlth   ++........               l - amulet of reflection
HPRegen 0.38/turn                c - ring of Honkoroi {Contam +Blink rN+ MP+9 Str+6}
MPRegen 0.26/turn                z - +4 ring of protection

@: heroic, weakened, untranslocatable, flying, constricted
A: sickness immunity, AC +16, big wings, negative energy resistance 1,
electricity resistance, torment resistance 1, petrification resistance, dopey 1,
robust 1, screaming 1
}: 1/15 runes: decaying
a: Renounce Religion, Evoke Blink, Heroism, Finesse, Duel


You were on level 4 of the Snake Pit.
You worshipped Okawaru.
Okawaru was extremely pleased with you.
You visited 7 branches of the dungeon, and saw 35 of its levels.
You visited the Abyss 2 times.
You also visited: Sewer and Gauntlet.

You collected 4524 gold pieces.
You spent 3709 gold pieces at shops.


Innate Abilities, Weirdness & Mutations

You are immune to sickness and miasma.
Your stone body is resilient. (AC +16)
You are immune to poison.
Your large and strong wings let you fly.
You resist negative energy. (rN+)
You are resistant to electric shocks. (rElec)
You are resistant to unholy torment.
You are immune to petrification.
You are dopey. (Int -2)
You are robust. (+10% HP)
You occasionally shout uncontrollably at your foes.


   Skills:
 - Level 21.0(26.0) Fighting
 - Level 18.0(23.0) Axes
 - Level 12.0(17.0) Throwing
 + Level 17.8(22.8) Armour
 - Level 9.0(14.0) Dodging
 - Level 18.0(23.0) Shields
 - Level 10.0 Invocations


You had 21 spell levels left.
You didn't know any spells.
Your spell library was empty.

Inventory:

Hand Weapons
 a - the +1 broad axe "Spiderslayer" {antimagic, Fragile rPois Str+8 Stlth-, mikee}
   (Okawaru gifted it to you on level 4 of the Lair of Beasts)

   It reduces the magical energy of the wielder, and disrupts the spells and
   magical abilities of those it strikes.
   Natural abilities and divine invocations are not affected.
   Str:       It affects your strength (+8).
   rPois:     It protects you from poison.
   Fragile:   It will be destroyed if unequipped.
   Stlth:     It makes you less stealthy.
 j - a +1 vampiric broad axe (weapon)
 I - the +8 broad axe "Sohyarenile" {flame, Int+4}
   (You found it on level 4 of the Swamp)

   It burns those it strikes, dealing additional fire damage.
   Big, fiery blades are also staple armaments of hydra-hunters.
   Int:       It affects your intelligence (+4).
Missiles
 m - 24 boomerangs
 y - 10 javelins
 B - 3 silver javelins (quivered)
 H - 2 silver boomerangs
Armour
 h - a +2 hat (worn)
 q - a +2 pair of gloves of hurling (worn)
 s - a +2 cloak of stealth (worn)
 v - +0 acid dragon scales
 C - a +0 kite shield (worn)
 D - the +7 pearl dragon scales of Mifowalo (worn) {rC+ rN+ Str-5 Dex+3}
   (You acquired it on level 4 of the Swamp)

   Str:       It affects your strength (-5).
   Dex:       It affects your dexterity (+3).
   rC:        It protects you from cold.
   rN:        It protects you from negative energy.
Jewellery
 c - the ring of Honkoroi (left hand) {Contam +Blink rN+ MP+9 Str+6}
   (You acquired it on level 11 of the Dungeon)

   [ring of magical power]

   Str:       It affects your strength (+6).
   rN:        It protects you from negative energy.
   MP:        It affects your magic capacity (+9).
   +Blink:    It lets you blink.
   Contam:    It causes magical contamination when unequipped.
 g - the amulet "Dapn" {Acrobat rF+ Str-3 Int+4}
   (You bought it in a shop on level 2 of the Orcish Mines)

   [amulet of the acrobat]

   It increases your evasion while moving and waiting.
   Str:       It affects your strength (-3).
   Int:       It affects your intelligence (+4).
   rF:        It protects you from fire.
 l - an amulet of reflection (around neck)
 t - a ring of ice
 w - a ring of ice
 z - a +4 ring of protection (right hand)
 E - a ring of fire
 F - a ring of protection from fire
Scrolls
 b - 6 scrolls of identify
 f - a scroll of teleportation
 G - 5 scrolls of enchant armour
Potions
 d - 8 potions of might
 e - 21 potions of curing
 i - 10 potions of attraction
 n - 8 potions of magic
 o - 6 potions of haste
 p - 11 potions of mutation
 r - 4 potions of resistance
 u - 7 potions of lignification
 x - 4 potions of cancellation

Dungeon Overview and Level Annotations

Branches:
Dungeon (15/15)            Temple (1/1) D:4            Lair (5/5) D:9
  Swamp (4/4) Lair:2        Snake (4/4) Lair:2        Slime (0/5) Lair:5
    Orc (2/2) D:10            Elf (0/3) Orc:2        Vaults (4/5) D:13
  Crypt (0/3) Vaults:2     Depths (0/4) D:15          Sewer (visited)
Gauntlet (visited)

Altars:
Ashenzari
Cheibriados
Dithmenos
Elyvilon
Fedhas
Gozag
Hepliaklqana
Kikubaaqudgha
Makhleb
Nemelex Xobeh
Okawaru
Qazlal
Ru
Sif Muna
Trog
Uskayaw
Vehumet
Wu Jian
Xom
Yredelemnul
Zin
The Shining One
Jiyva

Shops:
D:6 !   D:12 !   Orc:2 =!(!   Snake:2 *[!:*   Snake:3 =!!(

Portals:
Pandemonium: Orc:2
Trove: D:12 (give +6 demon trident)

Annotations:
Swamp:1 1 runed translucent door, Silenth's ghost, adept KoHu
Orc:1 1 runed translucent door, Ciata's ghost, journeyman MiBe


Message History

You hit the naga warrior but do no damage.
The naga warrior is severely wounded.
You barely miss the salamander tyrant. You hit the naga.
You feel better.
You kill the naga!
Okawaru accepts your kill.
You barely miss the naga. You slash the naga mage!
The naga mage no longer looks unusually toxic.
The nagaraja no longer looks unusually strong.
The naga mage dies!
The naga no longer looks unusually strong.
The naga mage points at the naga warrior and mumbles some strange words.
The naga warrior seems to grow toxic.
The nagaraja barely misses you. You block the naga's attack.
The naga warrior roars a battlecry!
The nagas go into a battle-frenzy!
You block the naga's attack. You block the naga warrior's attack.
The nagaraja hits you but does no damage.
The salamander tyrant gazes fiercely through you!
You feel as though you will be weak longer.
The salamander tyrant barely misses you.
The naga mage casts a spell at you. The bolt of poison misses you.
The bolt of poison hits the naga!
The naga is poisoned.
The naga barely misses you. The nagaraja spits poison at you.
The splash of poison hits you but does no damage.
You resist. The naga spits poison at you.
The splash of poison hits you but does no damage.
You resist.
You closely miss the naga warrior.
The naga warrior is severely wounded.
You slash the salamander tyrant!
You feel better.
You slice the naga!!
You kill the naga!
Okawaru accepts your kill. The naga completely misses you.
The naga warrior hits you from afar with a +0 halberd!
You block the naga warrior's attack. The naga warrior constricts you.
The nagaraja barely misses you.
The naga warrior hits you from afar with a +0 halberd!
You die...

###.# .# #.#
#.# #.# #.# #
#.####.###
####........#
##..)...####.#
##...##...####
#....NN)N)N...#
###
#...NNN)@)N...#
#..
#....NN)N)....#
#..
#....#NNNNNN..#
#.#
#...NNNNNNN...#
#..
##..#.NNNN....#
### ##
...}N..###..
### .........
.. #..
...#....... ###


You could see 2 nagarajas, 6 naga warriors, 3 naga sharpshooters, a salamander
tyrant (strong), 7 naga magi and 10 nagas.

Vanquished Creatures
  Mara (Swamp:3)
  Frederick (Vaults:3)
  Bai Suzhen (Swamp:2)
  A bone dragon (Abyss:3)
  Zenata (Vaults:4)
  A tentacled monstrosity (Swamp:4)
  Jorgrun (Snake:1)
  2 liches
  A titan (Vaults:4)
  A tentacled starspawn (Abyss:3)
  2 tengu reavers
  4 sphinxes
  An ancient champion (Vaults:2)
  2 Executioners (Abyss:3)
  Roxanne (Swamp:4)
  Kirke (Swamp:3)
  2 thorn hunters
  2 nagarajas
  A fenstrider witch (shapeshifter) (Gauntlet)
  10 vault wardens
  A fire giant (Vaults:1)
  Aizul (Snake:1)
  2 ghouls
  19 ironbound preservers
  A stone giant (Vaults:4)
  5 very ugly things
  6 ironbound thunderhulks
  6 eleionomae
  A lorocyproca (Abyss:3)
  A minotaur (Gauntlet)
  6 bunyips
  8 dire elephants
  An ettin (Vaults:4)
  An eidolon (Vaults:2)
  3 entropy weavers
  A deep elf death mage (Vaults:3)
  A fire dragon (D:15)
  3 shambling mangroves
  A rakshasa (Abyss:3)
  Erolcha (D:10)
  10 yaktaur captains
  Harold (Orc:1)
  Josephine (Snake:1)
  9 great orbs of eyes
  9 vault guards
  2 demonspawn
  A spriggan air mage (Swamp:3)
  An ogre mage (D:11)
  2 catoblepae
  2 salamander tyrants (Snake:4)
  A boulder beetle (D:11)
  13 ironbound frosthearts
  2 ghost crabs
  Erica (D:9)
  22 hydras
  2 dancing weapons (D:13)
  An alligator (shapeshifter) (D:15)
  11 anacondas
  13 centaur warriors
  3 death yaks (Lair:3)
  11 naga warriors
  2 two-headed ogres
  10 alligators
  3 tengu warriors
  8 thrashing horrors
  3 soul eaters
  A titan zombie (Abyss:3)
  6 orc high priests (Orc:2)
  8 shock serpents
  2 sun demons (D:13)
  8 naga sharpshooters
  A spriggan berserker (Swamp:3)
  2 wretched stars (Abyss:3)
  A sixfirhy (Abyss:3)
  6 goliath frogs
  3 salamander mystics
  2 glowing orange brains (Abyss:3)
  2 spatial maelstroms (Abyss:3)
  53 deep trolls
  13 bog bodies
  8 swamp dragons
  7 naga ritualists
  An orb spider (Abyss:3)
  5 spriggan druids
  5 orc knights (Orc:2)
  A sea snake (Snake:1)
  18 wizards
  A tengu zombie (Vaults:3)
  14 ironbound convokers
  2 phantasmal warriors
  Pikel (D:4)
  5 harpies
  A deep elf pyromancer (D:13)
  16 lindwurms
  A necromancer (Vaults:3)
  10 mana vipers
  A faun (shapeshifter) (Gauntlet)
  53 ugly things
  6 orc sorcerers (Orc:2)
  3 will-o-the-wisps
  4 cyclopes
  12 salamanders
  A stone giant zombie (Vaults:3)
  An oklob plant (Lair:1)
  A guardian serpent (shapeshifter) (Abyss:3)
  4 manticores
  A worldbinder (Gauntlet)
  A stone giant skeleton (Vaults:3)
  31 black mambas
  12 naga magi
  7 guardian serpents
  26 elephants
  16 vault sentinels
  4 orange demons
  An apocalypse crab (Abyss:3)
  3 smoke demons (Abyss:3)
  18 cane toads
  A rust devil (D:13)
  3 gargoyles (D:11)
  5 unseen horrors
  A kobold demonologist (D:10)
  4 freezing wraiths
  2 ice devils (Orc:2)
  2 tengu conjurers
  29 yaktaurs
  10 komodo dragons
  4 rime drakes
  4 ancient zymes (Abyss:3)
  4 trolls
  A meliai (shapeshifter) (Vaults:4)
  4 polar bears
  A red devil (Orc:2)
  47 slime creatures
  7 tyrant leeches
  6 raiju (Abyss:3)
  17 blink frogs
  21 hornets
  A tarantella (Vaults:3)
  7 dream sheep
  16 starcursed masses (Abyss:3)
  2 vampires
  10 wraiths
  3 ynoxinuls
  25 spriggans
  A human (Swamp:3)
  8 small abominations (Abyss:3)
  9 wyverns
  2 hogs (Swamp:3)
  21 yaks
  8 basilisks
  10 large abominations
  13 vampire mosquitoes
  Grum (D:11)
  2 redbacks (Vaults:3)
  3 steam dragons
  2 chaos spawn
  3 spatial vortices (Abyss:3)
  3 neqoxecs (Abyss:3)
  36 nagas
  3 wargs
  An ogre zombie (Vaults:3)
  16 swamp worms
  3 acid dragons
  16 water moccasins
  9 swamp drakes
  5 black bears
  A sky beast (D:7)
  An ice beast (D:6)
  4 ogres
  27 orc warriors
  38 wolves
  10 centaurs
  5 boggarts
  4 lemures (D:4)
  5 phantoms
  Blork the orc (D:5)
  6 kobold brigands
  13 bullfrogs
  6 necrophages
  A gnoll sergeant (D:10)
  A scorpion (D:9)
  8 wights (D:7)
  8 killer bees
  9 howler monkeys
  4 electric eels
  3 hounds
  A jelly (D:7)
  A gnoll bouda (D:7)
  2 iron imps (Abyss:3)
  25 orc priests
  10 iguanas
  14 orc wizards
  5 hell rats
  Terence (D:2)
  8 gnolls
  12 adders
  9 river rats
  A shadow imp (D:7)
  4 white imps
  3 ufetubi
  10 worms
  2 dart slugs
  60 orcs
  8 endoplasms
  2 giant cockroaches (D:3)
  6 goblins
  3 hobgoblins
  6 jackals
  16 kobolds
  13 quokkas
  11 ball pythons
  6 bats
  A frilled lizard (D:3)
  22 rats
  A starspawn tentacle (Abyss:3)
1490 creatures vanquished.

Vanquished Creatures (others)
  Nikola (Vaults:3)
  Asterion (Vaults:1)
  A hydra (Swamp:4)
  A wizard (Vaults:2)
  A will-o-the-wisp (Swamp:2)
  A naga mage (Snake:4)
  A bloated husk (Swamp:2)
  A human (Swamp:3)
  3 orcs (D:5)
  2 demonic plants (D:13)
  20 foxfires
  30 fungi
  65 plants
  2 starspawn tentacles (Abyss:3)
  2 withered plants (Orc:1)
132 creatures vanquished.

Grand Total: 1622 creatures vanquished

Notes
Turn   | Place    | Note
-------+----------+-------------------------------------------
     0 | D:1      | qw the Gargoyle Fighter began the quest for the Orb.
     0 | D:1      | Reached XP level 1. HP: 14/14 MP: 1/1
     0 | D:1      | 0 ||| qw: Version: 0.2-a-12-gaebbb33
     0 | D:1      | 0 ||| qw: Game counter: 1627
     0 | D:1      | 0 ||| qw: Always use a shield: true
     0 | D:1      | 0 ||| qw: God list: Okawaru
     0 | D:1      | 0 ||| qw: Allow faded altars: false
     0 | D:1      | 0 ||| qw: Do Orc after D:15 true
     0 | D:1      | 0 ||| qw: Do second Lair branch before Depths: true
     0 | D:1      | 0 ||| qw: Lair rune preference: random
     0 | D:1      | 0 ||| qw: Plans: Normal, Zot:1-4, God:TSO, Crypt, Tomb,
                  | Pan, Slime:5, Hells, Abyss, Orb
     0 | D:1      | 0 ||| PLANNING D:1-11
   258 | D:1      | Reached XP level 2. HP: 7/19 MP: 2/2
   849 | D:1      | 849 ||| READING scroll labelled TONKOP EPSEEF.
   850 | D:1      | 850 ||| READING 2 scrolls labelled VEIDEOCOTS.
   959 | D:2      | Found a sacrificial altar of Ru.
  1019 | D:2      | Noticed Terence
  1032 | D:2      | Killed Terence
  1033 | D:2      | Reached skill level 3 in Axes
  1033 | D:2      | Reached XP level 3. HP: 8/23 MP: 3/3
  1591 | D:2      | 1591 ||| DROPPING +0 mace of holy wrath.
  1931 | D:2      | 1931 ||| UPGRADING to +2 hat.
  1936 | D:2      | 1936 ||| UPGRADING to amulet of reflection.
  1941 | D:2      | 1941 ||| UPGRADING to +6 ring of dexterity.
  1942 | D:2      | 1942 ||| READING scroll labelled QIOTRA OLEANK.
  1943 | D:2      | 1943 ||| READING scroll labelled ISINAOVUHUNN.
  1944 | D:2      | 1944 ||| DRINKING 2 fuming blue potions.
  1952 | D:3      | 1952 ||| PLANNING SEWER
  1979 | D:3      | Reached XP level 4. HP: 28/28 MP: 4/4
  1983 | D:3      | Found a faded altar of an unknown god.
  1989 | D:3      | 1989 ||| Stepping ~*~*~tactically~*~*~ (stealth).
  1997 | D:3      | Reached skill level 1 in Dodging
  2158 | D:3      | Found a glowing drain.
  2189 | D:3      | 2189 ||| READING scroll labelled NEROMY KAM DURPHUSY.
  2190 | D:3      | 2190 ||| READING scroll labelled IFRAEL PAANO.
  2197 | Sewer    | Entered a sewer
  2360 | Sewer    | Noticed a kobold brigand
  2380 | Sewer    | Killed a kobold brigand
  2381 | Sewer    | Reached XP level 5. HP: 30/32 MP: 5/5
  2865 | Sewer    | Noticed a kobold brigand
  2865 | Sewer    | Noticed a kobold brigand
  2879 | Sewer    | Killed a kobold brigand
  2880 | Sewer    | Reached skill level 4 in Fighting
  2880 | Sewer    | Reached XP level 6. HP: 26/39 MP: 6/6
  2988 | Sewer    | 2988 ||| Stepping ~*~*~tactically~*~*~ (water).
  2994 | Sewer    | 2994 ||| READING scroll labelled IDOLUNK KALLABUGG.
  3017 | D:3      | 3017 ||| PLANNING D:1-11
  3191 | D:3      | Reached XP level 7. HP: 44/44 MP: 7/7
  3220 | D:3      | 3220 ||| Stepping ~*~*~tactically~*~*~ (stealth).
  3461 | D:4      | Reached skill level 6 in Axes
  3539 | D:4      | 3539 ||| Stepping ~*~*~tactically~*~*~ (stealth).
  3540 | D:4      | 3540 ||| Stepping ~*~*~tactically~*~*~ (stealth).
  3541 | D:4      | 3541 ||| Stepping ~*~*~tactically~*~*~ (stealth).
  3698 | D:4      | 3698 ||| Stepping ~*~*~tactically~*~*~ (stealth).
  3701 | D:4      | 3701 ||| Stepping ~*~*~tactically~*~*~ (stealth).
  3713 | D:4      | Noticed Pikel
  3726 | D:4      | Killed Pikel
  3727 | D:4      | Reached XP level 8. HP: 27/48 MP: 8/8
  3733 | D:4      | Reached skill level 5 in Fighting
  3740 | D:4      | 3740 ||| Stepping ~*~*~tactically~*~*~ (stealth).
  3783 | D:4      | 3783 ||| FLEEEEING.
  3784 | D:4      | 3784 ||| FLEEEEING.
  3785 | D:4      | 3785 ||| FLEEEEING.
  3786 | D:4      | 3786 ||| FLEEEEING.
  3787 | D:4      | 3787 ||| FLEEEEING.
  3788 | D:4      | 3788 ||| FLEEEEING.
  3789 | D:4      | 3789 ||| FLEEEEING.
  3790 | D:4      | 3790 ||| FLEEEEING.
  3791 | D:4      | 3791 ||| FLEEEEING.
  3792 | D:4      | 3792 ||| FLEEEEING.
  3793 | D:4      | 3793 ||| FLEEEEING.
  3794 | D:4      | 3794 ||| FLEEEEING.
  3796 | D:4      | 3796 ||| STAIRDANCE
  3858 | D:3      | 3858 ||| READING scroll labelled COIFEI WALI SOIGH.
  3976 | D:4      | Found a staircase to the Ecumenical Temple.
  3977 | D:4      | 3977 ||| PLANNING TEMPLE
  3977 | D:4      | 3977 ||| UPGRADING to +0 plate armour.
  3987 | D:4      | 3987 ||| DROPPING +0 scale mail.
  3988 | D:4      | 3988 ||| READING scroll labelled OPEYCLE VUCRU.
  3989 | D:4      | 3989 ||| READING scroll labelled XITAER GALIHOI.
  3990 | D:4      | 3990 ||| DRINKING 2 green potions.
  3996 | Temple   | Entered the Ecumenical Temple
  4181 | Temple   | 4181 ||| PLANNING OKAWARU WORSHIP
  4325 | Temple   | Became a worshipper of Warmaster Okawaru
  4326 | Temple   | 4326 ||| PLANNING D:1-11
  4495 | D:4      | 4495 ||| READING scroll labelled TEUNTA WEGUIZE.
  4508 | D:5      | Entered Level 5 of the Dungeon
  4585 | D:5      | Reached skill level 1 in Throwing
  4671 | D:5      | Noticed Blork the orc
  4672 | D:5      | 4672 ||| Stepping ~*~*~tactically~*~*~ (stealth).
  4673 | D:5      | 4673 ||| Stepping ~*~*~tactically~*~*~ (stealth).
  4684 | D:5      | Killed Blork the orc
  4685 | D:5      | Reached skill level 6 in Fighting
  4713 | D:5      | 4713 ||| Stepping ~*~*~tactically~*~*~ (stealth).
  4734 | D:5      | Reached * piety under Okawaru
  4735 | D:5      | Reached XP level 9. HP: 55/55 MP: 9/9
  4739 | D:5      | 4739 ||| INVOKING Heroism.
  4751 | D:5      | 4751 ||| INVOKING Heroism.
  4752 | D:5      | 4752 ||| Stepping ~*~*~tactically~*~*~ (cloud).
  4758 | D:5      | Reached skill level 1 in Invocations
  4758 | D:5      | 4758 ||| Stepping ~*~*~tactically~*~*~ (cloud).
  4759 | D:5      | Reached skill level 9 in Axes
  4759 | D:5      | 4759 ||| Stepping ~*~*~tactically~*~*~ (cloud).
  4760 | D:5      | 4760 ||| FLEEEEING.
  4761 | D:5      | 4761 ||| FLEEEEING.
  4762 | D:5      | 4762 ||| FLEEEEING.
  4763 | D:5      | 4763 ||| FLEEEEING.
  4764 | D:5      | 4764 ||| FLEEEEING.
  4767 | D:5      | 4767 ||| FLEEEEING.
  4768 | D:5      | 4768 ||| FLEEEEING.
  4769 | D:5      | 4769 ||| FLEEEEING.
  4770 | D:5      | 4770 ||| FLEEEEING.
  4772 | D:5      | 4772 ||| FLEEEEING.
  4773 | D:5      | 4773 ||| FLEEEEING.
  4774 | D:5      | 4774 ||| FLEEEEING.
  4775 | D:5      | 4775 ||| FLEEEEING.
  4776 | D:5      | 4776 ||| FLEEEEING.
  4777 | D:5      | 4777 ||| FLEEEEING.
  4778 | D:5      | 4778 ||| FLEEEEING.
  4779 | D:5      | 4779 ||| FLEEEEING.
  4780 | D:5      | 4780 ||| FLEEEEING.
  4781 | D:5      | 4781 ||| FLEEEEING.
  4782 | D:5      | 4782 ||| FLEEEEING.
  4783 | D:5      | 4783 ||| FLEEEEING.
  4784 | D:5      | 4784 ||| FLEEEEING.
  4785 | D:5      | 4785 ||| FLEEEEING.
  4786 | D:5      | 4786 ||| FLEEEEING.
  4787 | D:5      | 4787 ||| FLEEEEING.
  4788 | D:5      | 4788 ||| FLEEEEING.
  4789 | D:5      | 4789 ||| FLEEEEING.
  4790 | D:5      | 4790 ||| FLEEEEING.
  4791 | D:5      | 4791 ||| FLEEEEING.
  4792 | D:5      | 4792 ||| FLEEEEING.
  4793 | D:5      | 4793 ||| FLEEEEING.
  4794 | D:5      | 4794 ||| FLEEEEING.
  4795 | D:5      | 4795 ||| FLEEEEING.
  4797 | D:5      | 4797 ||| FLEEEEING.
  4799 | D:5      | 4799 ||| FLEEEEING.
  4800 | D:5      | 4800 ||| FLEEEEING.
  4801 | D:5      | 4801 ||| STAIRDANCE
  4977 | D:4      | 4977 ||| DRINKING 3 ruby potions.
  4977 | D:4      | Gained mutation: Armour fits poorly on your strangely
                  | shaped body. [potion of mutation]
  4977 | D:4      | Gained mutation: You have supernaturally acute eyesight.
                  | (SInv) [potion of mutation]
  4977 | D:4      | Gained mutation: You are strong-willed. (Will+) [potion of
                  | mutation]
  4978 | D:4      | 4978 ||| DRINKING 2 potions of mutation.
  4978 | D:4      | Lost mutation: You are strong-willed. (Will+) [potion of
                  | mutation]
  4978 | D:4      | Lost mutation: Armour fits poorly on your strangely shaped
                  | body. [potion of mutation]
  4978 | D:4      | Lost mutation: You have supernaturally acute eyesight.
                  | (SInv) [potion of mutation]
  4978 | D:4      | Gained mutation: You are dopey. (Int -2) [potion of
                  | mutation]
  4978 | D:4      | Gained mutation: You are robust. (+10% HP) [potion of
                  | mutation]
  5002 | D:4      | 5002 ||| DRINKING 2 fizzy purple potions.
  5003 | D:4      | 5003 ||| DROPPING potion of flight.
  5014 | D:5      | 5014 ||| DROPPING +0 whip of freezing.
  5540 | D:6      | Found Resuaf's Distillery.
  5543 | D:6      | 5543 ||| BUYING 2 potions of magic (176 gold).
  5543 | D:6      | Bought 2 potions of magic for 176 gold pieces
  5543 | D:6      | 5543 ||| SHOPLISTING 2 potions of resistance (220 gold,
                  | have 158).
  5543 | D:6      | 5543 ||| BUYING potion of curing (33 gold).
  5543 | D:6      | Bought a potion of curing for 33 gold pieces
  5543 | D:6      | 5543 ||| BUYING potion of curing (33 gold).
  5543 | D:6      | Bought a potion of curing for 33 gold pieces
  5543 | D:6      | 5543 ||| BUYING potion of heal wounds (55 gold).
  5543 | D:6      | Bought a potion of heal wounds for 55 gold pieces
  5543 | D:6      | 5543 ||| SHOPLISTING potion of heal wounds (55 gold, have
                  | 37).
  5543 | D:6      | 5543 ||| SHOPLISTING potion of magic (88 gold, have 37).
  5544 | D:6      | 5544 ||| Stepping ~*~*~tactically~*~*~ (stealth).
  5546 | D:6      | 5546 ||| Stepping ~*~*~tactically~*~*~ (stealth).
  5551 | D:6      | 5551 ||| INVOKING Heroism.
  5554 | D:6      | Reached skill level 3 in Invocations
  5606 | D:6      | 5606 ||| Stepping ~*~*~tactically~*~*~ (stealth).
  5729 | D:6      | 5729 ||| READING 2 scrolls of enchant weapon.
  5729 | D:6      | 5729 ||| ENCHANTING +1 war axe of chaos.
  5730 | D:6      | 5730 ||| READING scroll of enchant weapon.
  5730 | D:6      | 5730 ||| ENCHANTING +2 war axe of chaos.
  5868 | D:6      | Reached ** piety under Okawaru
  5986 | D:6      | 5986 ||| Stepping ~*~*~tactically~*~*~ (stealth).
  6239 | D:6      | 6239 ||| READING 2 scrolls of identify.
  6239 | D:6      | 6239 ||| IDENTIFYING dark potion
  6240 | D:6      | 6240 ||| DROPPING potion of invisibility.
  6580 | D:7      | 6580 ||| Stepping ~*~*~tactically~*~*~ (stealth).
  6581 | D:7      | 6581 ||| Stepping ~*~*~tactically~*~*~ (stealth).
  6588 | D:7      | 6588 ||| INVOKING Heroism.
  6601 | D:7      | Reached skill level 7 in Fighting
  6645 | D:7      | 6645 ||| Stepping ~*~*~tactically~*~*~ (stealth).
  6915 | D:7      | 6915 ||| Stepping ~*~*~tactically~*~*~ (hiding).
  6917 | D:7      | 6917 ||| Stepping ~*~*~tactically~*~*~ (hiding).
  6918 | D:7      | 6918 ||| Stepping ~*~*~tactically~*~*~ (hiding).
  6920 | D:7      | 6920 ||| Stepping ~*~*~tactically~*~*~ (hiding).
  6926 | D:7      | 6926 ||| Stepping ~*~*~tactically~*~*~ (stealth).
  7072 | D:7      | Identified the +4 great sword "Doysh" {distort, Contam
                  | rPois Int+3 Dex+3 Stlth+}
  7073 | D:7      | 7073 ||| INVOKING Heroism.
  7183 | D:7      | 7183 ||| Stepping ~*~*~tactically~*~*~ (hiding).
  7200 | D:7      | Reached XP level 10. HP: 69/69 MP: 13/13
  7293 | D:7      | 7293 ||| Stepping ~*~*~tactically~*~*~ (stealth).
  7315 | D:7      | 7315 ||| Stepping ~*~*~tactically~*~*~ (stealth).
  7317 | D:7      | 7317 ||| INVOKING Heroism.
  7320 | D:7      | 7320 ||| Stepping ~*~*~tactically~*~*~ (stealth).
  7338 | D:7      | 7338 ||| Stepping ~*~*~tactically~*~*~ (stealth).
  7347 | D:7      | 7347 ||| INVOKING Heroism.
  7481 | D:7      | 7481 ||| INVOKING Heroism.
  7700 | D:7      | 7700 ||| READING 3 scrolls of identify.
  7700 | D:7      | 7700 ||| IDENTIFYING silvery potion
  7701 | D:7      | 7701 ||| READING 2 scrolls of identify.
  7701 | D:7      | 7701 ||| IDENTIFYING fizzy grey potion
  7702 | D:7      | 7702 ||| DROPPING potion of berserk rage.
  7703 | D:7      | 7703 ||| DROPPING potion of ambrosia.
  7769 | D:8      | 7769 ||| INVOKING Heroism.
  7794 | D:8      | 7794 ||| READING scroll of brand weapon.
  7794 | D:8      | 7794 ||| BRANDING +3 war axe of chaos.
  7802 | D:8      | Identified the +3 leather armour of Tollar {rElec rCorr
                  | Int+2}
  7803 | D:8      | 7803 ||| INVOKING Heroism.
  7805 | D:8      | 7805 ||| Stepping ~*~*~tactically~*~*~ (cloud).
  7811 | D:8      | Reached skill level 6 in Armour
  7813 | D:8      | 7813 ||| Stepping ~*~*~tactically~*~*~ (hiding).
  7816 | D:8      | 7816 ||| FLEEEEING.
  7817 | D:8      | 7817 ||| FLEEEEING.
  7821 | D:8      | 7821 ||| FLEEEEING.
  7822 | D:8      | 7822 ||| FLEEEEING.
  7823 | D:8      | 7823 ||| FLEEEEING.
  7824 | D:8      | 7824 ||| FLEEEEING.
  7831 | D:8      | 7831 ||| STAIRDANCE
  7896 | D:8      | 7896 ||| DRINKING 5 potions of curing.
  7896 | D:8      | 7896 ||| (to cure confusion)
  8011 | D:8      | 8011 ||| INVOKING Heroism.
  8015 | D:8      | 8015 ||| Stepping ~*~*~tactically~*~*~ (hiding).
  8045 | D:8      | 8045 ||| Stepping ~*~*~tactically~*~*~ (stealth).
  8046 | D:8      | 8046 ||| Stepping ~*~*~tactically~*~*~ (stealth).
  8094 | D:8      | Found an opulent altar of Gozag.
  8154 | D:8      | 8154 ||| Stepping ~*~*~tactically~*~*~ (stealth).
  8155 | D:8      | 8155 ||| Stepping ~*~*~tactically~*~*~ (stealth).
  8277 | D:8      | Reached skill level 8 in Fighting
  8297 | D:8      | Found a hide-covered altar of Uskayaw.
  8340 | D:8      | 8340 ||| READING scroll labelled NESHRI JEOTEPP.
  8482 | D:9      | 8482 ||| INVOKING Heroism.
  8503 | D:9      | 8503 ||| INVOKING Heroism.
  8517 | D:9      | Reached *** piety under Okawaru
  8529 | D:9      | 8529 ||| Stepping ~*~*~tactically~*~*~ (stealth).
  8530 | D:9      | 8530 ||| Stepping ~*~*~tactically~*~*~ (stealth).
  8540 | D:9      | 8540 ||| INVOKING Heroism.
  8699 | D:9      | 8699 ||| Stepping ~*~*~tactically~*~*~ (stealth).
  8701 | D:9      | 8701 ||| Stepping ~*~*~tactically~*~*~ (stealth).
  8703 | D:9      | Noticed Erica
  8704 | D:9      | 8704 ||| Stepping ~*~*~tactically~*~*~ (hiding).
  8705 | D:9      | 8705 ||| Stepping ~*~*~tactically~*~*~ (hiding).
  8706 | D:9      | 8706 ||| INVOKING Heroism.
  8712 | D:9      | 8712 ||| DRINKING 4 potions of curing.
  8712 | D:9      | 8712 ||| (to cure confusion)
  8715 | D:9      | Killed Erica
  8879 | D:9      | Found a staircase to the Lair.
  8880 | D:9      | 8880 ||| INVOKING Heroism.
  9006 | D:9      | Noticed a brown ugly thing
  9011 | D:9      | 9011 ||| Stepping ~*~*~tactically~*~*~ (water).
  9018 | D:9      | Killed a brown ugly thing
  9019 | D:9      | Reached skill level 9 in Fighting
  9104 | D:9      | 9104 ||| INVOKING Heroism.
  9504 | D:9      | 9504 ||| PLANNING LAIR
  9504 | D:9      | 9504 ||| DROPPING +3 leather armour of Tollar {rElec rCorr
                  | Int+2}.
  9505 | D:9      | 9505 ||| DROPPING +6 ring of intelligence.
  9506 | D:9      | 9506 ||| DRINKING 2 sedimented purple potions.
  9507 | D:9      | 9507 ||| READING 2 scrolls of identify.
  9507 | D:9      | 9507 ||| IDENTIFYING blue potion
  9508 | D:9      | 9508 ||| DROPPING potion of brilliance.
  9554 | Lair:1   | Entered Level 1 of the Lair of Beasts
  9560 | Lair:1   | Reached XP level 11. HP: 78/78 MP: 14/14
  9573 | Lair:1   | 9573 ||| INVOKING Heroism.
  9607 | Lair:1   | 9607 ||| INVOKING Heroism.
  9614 | Lair:1   | 9614 ||| Stepping ~*~*~tactically~*~*~ (stealth).
  9617 | Lair:1   | Reached **** piety under Okawaru
  9619 | Lair:1   | 9619 ||| Stepping ~*~*~tactically~*~*~ (stealth).
  9628 | Lair:1   | 9628 ||| Stepping ~*~*~tactically~*~*~ (stealth).
  9630 | Lair:1   | 9630 ||| INVOKING Heroism.
  9642 | Lair:1   | 9642 ||| Stepping ~*~*~tactically~*~*~ (stealth).
  9650 | Lair:1   | 9650 ||| INVOKING Heroism.
  9697 | Lair:1   | 9697 ||| Stepping ~*~*~tactically~*~*~ (stealth).
  9703 | Lair:1   | 9703 ||| INVOKING Heroism.
  9705 | Lair:1   | 9705 ||| Stepping ~*~*~tactically~*~*~ (stealth).
  9743 | Lair:1   | Noticed an oklob plant
  9744 | Lair:1   | 9744 ||| INVOKING Heroism.
  9751 | Lair:1   | HP: 18/78 [oklob plant/splash of acid (19)]
  9752 | Lair:1   | 9752 ||| READING 3 scrolls of teleportation.
  9753 | Lair:1   | 9753 ||| DRINKING 4 potions of heal wounds.
  9882 | Lair:1   | 9882 ||| INVOKING Heroism.
 10088 | Lair:1   | 10088 ||| INVOKING Heroism.
 10208 | Lair:1   | 10208 ||| INVOKING Heroism.
 10224 | Lair:1   | Killed an oklob plant
 10444 | Lair:1   | 10444 ||| Stepping ~*~*~tactically~*~*~ (stealth).
 10516 | Lair:1   | 10516 ||| INVOKING Heroism.
 10520 | Lair:1   | Reached skill level 12 in Axes
 10523 | Lair:1   | Reached skill level 6 in Invocations
 10643 | Lair:1   | 10643 ||| READING scroll labelled JAZEWO XUBAUDGH.
 10744 | Lair:1   | 10744 ||| READING scroll labelled URUOLE IQINEID.
 10776 | Lair:2   | Found a staircase to the Swamp.
 10777 | Lair:2   | 10777 ||| INVOKING Heroism.
 10780 | Lair:2   | 10780 ||| STAIRDANCE
 10793 | Lair:2   | 10793 ||| STAIRDANCE
 10971 | Lair:2   | 10971 ||| INVOKING Heroism.
 10986 | Lair:2   | 10986 ||| Stepping ~*~*~tactically~*~*~ (stealth).
 11003 | Lair:2   | 11003 ||| FLEEEEING.
 11011 | Lair:2   | 11011 ||| Stepping ~*~*~tactically~*~*~ (stealth).
 11024 | Lair:2   | 11024 ||| INVOKING Heroism.
 11250 | Lair:2   | 11250 ||| Stepping ~*~*~tactically~*~*~ (stealth).
 11283 | Lair:2   | 11283 ||| INVOKING Heroism.
 11290 | Lair:2   | Reached ***** piety under Okawaru
 11293 | Lair:2   | Reached skill level 3 in Dodging
 11301 | Lair:2   | Reached skill level 6 in Shields
 11321 | Lair:2   | Reached XP level 12. HP: 28/83 MP: 16/18
 11327 | Lair:2   | 11327 ||| INVOKING Heroism.
 11344 | Lair:2   | 11344 ||| INVOKING Heroism.
 11355 | Lair:2   | 11355 ||| FLEEEEING.
 11356 | Lair:2   | 11356 ||| Stepping ~*~*~tactically~*~*~ (stealth).
 11362 | Lair:2   | Received a gift from Okawaru
 11363 | Lair:2   | Reached skill level 10 in Fighting
 11364 | Lair:2   | 11364 ||| FLEEEEING.
 11365 | Lair:2   | 11365 ||| FLEEEEING.
 11366 | Lair:2   | 11366 ||| FLEEEEING.
 11367 | Lair:2   | 11367 ||| FLEEEEING.
 11368 | Lair:2   | 11368 ||| FLEEEEING.
 11369 | Lair:2   | 11369 ||| FLEEEEING.
 11370 | Lair:2   | 11370 ||| FLEEEEING.
 11371 | Lair:2   | 11371 ||| FLEEEEING.
 11372 | Lair:2   | 11372 ||| FLEEEEING.
 11373 | Lair:2   | 11373 ||| FLEEEEING.
 11374 | Lair:2   | 11374 ||| FLEEEEING.
 11375 | Lair:2   | 11375 ||| FLEEEEING.
 11376 | Lair:2   | 11376 ||| FLEEEEING.
 11377 | Lair:2   | 11377 ||| FLEEEEING.
 11378 | Lair:2   | 11378 ||| FLEEEEING.
 11379 | Lair:2   | 11379 ||| FLEEEEING.
 11380 | Lair:2   | 11380 ||| FLEEEEING.
 11381 | Lair:2   | 11381 ||| FLEEEEING.
 11382 | Lair:2   | 11382 ||| FLEEEEING.
 11383 | Lair:2   | 11383 ||| FLEEEEING.
 11384 | Lair:2   | 11384 ||| FLEEEEING.
 11386 | Lair:2   | 11386 ||| FLEEEEING.
 11387 | Lair:2   | 11387 ||| FLEEEEING.
 11388 | Lair:2   | 11388 ||| FLEEEEING.
 11389 | Lair:2   | 11389 ||| FLEEEEING.
 11390 | Lair:2   | 11390 ||| FLEEEEING.
 11391 | Lair:2   | 11391 ||| FLEEEEING.
 11392 | Lair:2   | 11392 ||| FLEEEEING.
 11393 | Lair:2   | 11393 ||| FLEEEEING.
 11394 | Lair:2   | 11394 ||| FLEEEEING.
 11395 | Lair:2   | 11395 ||| FLEEEEING.
 11396 | Lair:2   | 11396 ||| FLEEEEING.
 11397 | Lair:2   | 11397 ||| FLEEEEING.
 11398 | Lair:2   | 11398 ||| FLEEEEING.
 11399 | Lair:2   | 11399 ||| FLEEEEING.
 11400 | Lair:2   | 11400 ||| FLEEEEING.
 11401 | Lair:2   | 11401 ||| FLEEEEING.
 11402 | Lair:2   | 11402 ||| FLEEEEING.
 11403 | Lair:2   | 11403 ||| FLEEEEING.
 11404 | Lair:2   | 11404 ||| FLEEEEING.
 11405 | Lair:2   | 11405 ||| FLEEEEING.
 11406 | Lair:2   | 11406 ||| FLEEEEING.
 11407 | Lair:2   | 11407 ||| FLEEEEING.
 11408 | Lair:2   | 11408 ||| FLEEEEING.
 11409 | Lair:2   | 11409 ||| FLEEEEING.
 11410 | Lair:2   | 11410 ||| FLEEEEING.
 11411 | Lair:2   | 11411 ||| FLEEEEING.
 11412 | Lair:2   | 11412 ||| FLEEEEING.
 11413 | Lair:2   | 11413 ||| FLEEEEING.
 11414 | Lair:2   | 11414 ||| FLEEEEING.
 11415 | Lair:2   | 11415 ||| FLEEEEING.
 11416 | Lair:2   | 11416 ||| FLEEEEING.
 11417 | Lair:2   | 11417 ||| FLEEEEING.
 11418 | Lair:2   | 11418 ||| FLEEEEING.
 11419 | Lair:2   | 11419 ||| FLEEEEING.
 11420 | Lair:2   | 11420 ||| FLEEEEING.
 11421 | Lair:2   | 11421 ||| FLEEEEING.
 11422 | Lair:2   | 11422 ||| FLEEEEING.
 11423 | Lair:2   | 11423 ||| FLEEEEING.
 11424 | Lair:2   | 11424 ||| FLEEEEING.
 11425 | Lair:2   | 11425 ||| FLEEEEING.
 11426 | Lair:2   | 11426 ||| FLEEEEING.
 11427 | Lair:2   | 11427 ||| INVOKING Heroism.
 11443 | Lair:2   | Reached skill level 9 in Invocations
 11643 | Lair:2   | 11643 ||| INVOKING Heroism.
 11687 | Lair:2   | 11687 ||| FLEEEEING.
 11770 | Lair:2   | 11770 ||| Stepping ~*~*~tactically~*~*~ (stealth).
 11771 | Lair:2   | 11771 ||| Stepping ~*~*~tactically~*~*~ (stealth).
 12028 | Lair:2   | Identified the +7 long sword of the Lusting Pariah {holy,
                  | Drain +Blink Will+++ Str-4}
 12144 | Lair:2   | 12144 ||| Stepping ~*~*~tactically~*~*~ (stealth).
 12145 | Lair:2   | 12145 ||| Stepping ~*~*~tactically~*~*~ (stealth).
 12148 | Lair:2   | 12148 ||| INVOKING Heroism.
 12160 | Lair:2   | Found a staircase to the Snake Pit.
 12640 | Lair:2   | 12640 ||| READING scroll labelled DEIFUDEUKO.
 12641 | Lair:2   | 12641 ||| READING 4 scrolls of identify.
 12641 | Lair:2   | 12641 ||| IDENTIFYING metallic yellow potion
 12642 | Lair:2   | 12642 ||| READING 3 scrolls of identify.
 12642 | Lair:2   | 12642 ||| IDENTIFYING clear potion
 12672 | Lair:3   | 12672 ||| INVOKING Heroism.
 12788 | Lair:3   | 12788 ||| INVOKING Heroism.
 12855 | Lair:3   | Noticed a four-headed hydra
 12856 | Lair:3   | 12856 ||| INVOKING Heroism.
 12857 | Lair:3   | 12857 ||| INVOKING Finesse.
 12861 | Lair:3   | 12861 ||| SWAPPING to +0 morningstar.
 12867 | Lair:3   | 12867 ||| Stepping ~*~*~tactically~*~*~ (outnumbered).
 12868 | Lair:3   | 12868 ||| Stepping ~*~*~tactically~*~*~ (outnumbered).
 12871 | Lair:3   | 12871 ||| Stepping ~*~*~tactically~*~*~ (outnumbered).
 12873 | Lair:3   | 12873 ||| Stepping ~*~*~tactically~*~*~ (outnumbered).
 12889 | Lair:3   | Killed a four-headed hydra
 12890 | Lair:3   | 12890 ||| SWAPPING to +3 war axe of venom.
 13183 | Lair:3   | Noticed a death yak
 13183 | Lair:3   | Noticed a death yak
 13183 | Lair:3   | Noticed a death yak
 13184 | Lair:3   | 13184 ||| INVOKING Heroism.
 13185 | Lair:3   | 13185 ||| INVOKING Finesse.
 13193 | Lair:3   | 13193 ||| Stepping ~*~*~tactically~*~*~ (stealth).
 13198 | Lair:3   | Killed a death yak
 13210 | Lair:3   | Killed a death yak
 13223 | Lair:3   | Killed a death yak
 13224 | Lair:3   | Reached XP level 13. HP: 56/90 MP: 15/20
 13393 | Lair:3   | 13393 ||| Stepping ~*~*~tactically~*~*~ (stealth).
 13644 | Lair:3   | 13644 ||| Stepping ~*~*~tactically~*~*~ (stealth).
 13646 | Lair:3   | 13646 ||| Stepping ~*~*~tactically~*~*~ (stealth).
 13649 | Lair:3   | 13649 ||| Stepping ~*~*~tactically~*~*~ (stealth).
 13658 | Lair:3   | 13658 ||| Stepping ~*~*~tactically~*~*~ (stealth).
 13660 | Lair:3   | 13660 ||| INVOKING Heroism.
 13661 | Lair:3   | 13661 ||| Stepping ~*~*~tactically~*~*~ (stealth).
 13668 | Lair:3   | Received a gift from Okawaru
 13684 | Lair:3   | 13684 ||| Stepping ~*~*~tactically~*~*~ (stealth).
 13751 | Lair:3   | 13751 ||| INVOKING Heroism.
 14250 | Lair:3   | 14250 ||| DROPPING ring of flight.
 14251 | Lair:3   | 14251 ||| READING scroll labelled IRPHUH ZAES.
 14252 | Lair:3   | 14252 ||| DRINKING 2 bubbling green potions.
 14265 | Lair:4   | 14265 ||| STAIRDANCE
 14271 | Lair:4   | 14271 ||| STAIRDANCE
 14344 | Lair:4   | Reached skill level 3 in Throwing
 14459 | Lair:4   | 14459 ||| Stepping ~*~*~tactically~*~*~ (hiding).
 14463 | Lair:4   | Identified the +1 broad axe "Spiderslayer" {antimagic,
                  | Fragile rPois Str+8 Stlth-} (Okawaru gifted it to you on
                  | level 4 of the Lair of Beasts)
 14463 | Lair:4   | Received a gift from Okawaru
 14509 | Lair:4   | 14509 ||| INVOKING Heroism.
 14510 | Lair:4   | 14510 ||| Stepping ~*~*~tactically~*~*~ (stealth).
 14590 | Lair:4   | 14590 ||| INVOKING Heroism.
 14591 | Lair:4   | 14591 ||| INVOKING Finesse.
 14593 | Lair:4   | 14593 ||| SWAPPING to +0 morningstar.
 14595 | Lair:4   | 14595 ||| SWAPPING to +3 war axe of venom.
 14597 | Lair:4   | 14597 ||| SWAPPING to +0 morningstar.
 14601 | Lair:4   | 14601 ||| SWAPPING to +3 war axe of venom.
 14761 | Lair:4   | 14761 ||| Stepping ~*~*~tactically~*~*~ (stealth).
 14774 | Lair:4   | Reached skill level 11 in Fighting
 15113 | Lair:4   | 15113 ||| INVOKING Heroism.
 15150 | Lair:4   | 15150 ||| Stepping ~*~*~tactically~*~*~ (stealth).
 15151 | Lair:4   | 15151 ||| Stepping ~*~*~tactically~*~*~ (stealth).
 15200 | Lair:4   | 15200 ||| SWAPPING to +1 broad axe of venom.
 15201 | Lair:4   | 15201 ||| DROPPING +3 war axe of venom.
 15224 | Lair:4   | 15224 ||| INVOKING Heroism.
 15230 | Lair:4   | Reached skill level 9 in Armour
 15288 | Lair:4   | Identified the +3 plate armour of Boddoag {rElec Dex-4
                  | Slay+3} (Okawaru gifted it to you on level 4 of the Lair of
                  | Beasts)
 15288 | Lair:4   | Received a gift from Okawaru
 15336 | Lair:4   | 15336 ||| INVOKING Heroism.
 15337 | Lair:4   | 15337 ||| SWAPPING to +0 morningstar.
 15338 | Lair:4   | 15338 ||| INVOKING Finesse.
 15344 | Lair:4   | 15344 ||| SWAPPING to +1 broad axe of venom.
 15876 | Lair:4   | 15876 ||| DROPPING +1 chain mail of fire resistance.
 15877 | Lair:4   | 15877 ||| UPGRADING to +3 plate armour of Boddoag {rElec
                  | Dex-4 Slay+3}.
 15887 | Lair:4   | 15887 ||| DROPPING +0 plate armour.
 15888 | Lair:4   | 15888 ||| UPGRADING to +4 ring of protection.
 15902 | Lair:5   | Entered Level 5 of the Lair of Beasts
 15903 | Lair:5   | 15903 ||| STAIRDANCE
 16000 | Lair:5   | 16000 ||| STAIRDANCE
 16040 | Lair:5   | 16040 ||| INVOKING Heroism.
 16041 | Lair:5   | 16041 ||| INVOKING Finesse.
 16116 | Lair:5   | 16116 ||| INVOKING Heroism.
 16126 | Lair:5   | 16126 ||| INVOKING Finesse.
 16131 | Lair:5   | 16131 ||| Stepping ~*~*~tactically~*~*~ (hiding).
 16163 | Lair:5   | 16163 ||| INVOKING Heroism.
 16204 | Lair:5   | Reached skill level 15 in Axes
 16249 | Lair:5   | 16249 ||| Stepping ~*~*~tactically~*~*~ (stealth).
 16339 | Lair:5   | 16339 ||| INVOKING Heroism.
 16341 | Lair:5   | 16341 ||| Stepping ~*~*~tactically~*~*~ (stealth).
 16352 | Lair:5   | Gained mutation: Your large and strong wings let you fly.
                  | [Gargoyle growth]
 16352 | Lair:5   | Reached XP level 14. HP: 87/99 MP: 19/21
 16494 | Lair:5   | 16494 ||| INVOKING Heroism.
 16495 | Lair:5   | 16495 ||| INVOKING Finesse.
 16630 | Lair:5   | 16630 ||| Stepping ~*~*~tactically~*~*~ (stealth).
 16726 | Lair:5   | 16726 ||| INVOKING Heroism.
 16727 | Lair:5   | 16727 ||| INVOKING Finesse.
 16731 | Lair:5   | 16731 ||| Stepping ~*~*~tactically~*~*~ (hiding).
 16747 | Lair:5   | 16747 ||| Stepping ~*~*~tactically~*~*~ (hiding).
 16754 | Lair:5   | Reached skill level 12 in Fighting
 16963 | Lair:5   | 16963 ||| Stepping ~*~*~tactically~*~*~ (stealth).
 17061 | Lair:5   | 17061 ||| INVOKING Heroism.
 17094 | Lair:5   | 17094 ||| FLEEEEING.
 17100 | Lair:5   | 17100 ||| INVOKING Heroism.
 17101 | Lair:5   | 17101 ||| INVOKING Finesse.
 17279 | Lair:5   | Found a viscous altar of Jiyva.
 17279 | Lair:5   | Found a staircase to the Slime Pits.
 17367 | Lair:5   | 17367 ||| INVOKING Heroism.
 17428 | Lair:5   | Identified the +3 leather armour of Carved Tender Moments
                  | {Dex+4}
 17560 | Lair:5   | 17560 ||| PLANNING D:1-11
 17560 | Lair:5   | 17560 ||| DROPPING amulet of guardian spirit.
 17721 | D:10     | Entered Level 10 of the Dungeon
 17722 | D:10     | 17722 ||| INVOKING Heroism.
 17798 | D:10     | Noticed Erolcha
 17798 | D:10     | 17798 ||| INVOKING Heroism.
 17799 | D:10     | 17799 ||| INVOKING Finesse.
 17802 | D:10     | Killed Erolcha
 17806 | D:10     | 17806 ||| Stepping ~*~*~tactically~*~*~ (stealth).
 17897 | D:10     | Found a staircase to the Orcish Mines.
 18312 | D:10     | 18312 ||| UPGRADING to +2 buckler.
 18322 | D:10     | 18322 ||| DROPPING +0 buckler.
 18323 | D:10     | 18323 ||| READING 6 scrolls of identify.
 18323 | D:10     | 18323 ||| IDENTIFYING bubbling golden potion
 18324 | D:10     | 18324 ||| DROPPING potion of degeneration.
 18362 | D:11     | Identified the +1 robe of the Villain {rC+ Str+3 SInv}
                  | (Okawaru gifted it to you on level 11 of the Dungeon)
 18362 | D:11     | Received a gift from Okawaru
 18370 | D:11     | 18370 ||| INVOKING Heroism.
 18441 | D:11     | 18441 ||| FLEEEEING.
 18442 | D:11     | 18442 ||| FLEEEEING.
 18445 | D:11     | 18445 ||| STAIRDANCE
 18528 | D:11     | 18528 ||| INVOKING Heroism.
 18797 | D:11     | 18797 ||| INVOKING Heroism.
 18850 | D:11     | Noticed Grum
 18851 | D:11     | 18851 ||| INVOKING Heroism.
 18852 | D:11     | 18852 ||| INVOKING Finesse.
 18865 | D:11     | Killed Grum
 19134 | D:11     | 19134 ||| Stepping ~*~*~tactically~*~*~ (hiding).
 19279 | D:11     | 19279 ||| Stepping ~*~*~tactically~*~*~ (hiding).
 19428 | D:11     | 19428 ||| INVOKING Heroism.
 19429 | D:11     | 19429 ||| INVOKING Finesse.
 19435 | D:11     | 19435 ||| Stepping ~*~*~tactically~*~*~ (stealth).
 19509 | D:11     | 19509 ||| Stepping ~*~*~tactically~*~*~ (stealth).
 19511 | D:11     | 19511 ||| Stepping ~*~*~tactically~*~*~ (stealth).
 19528 | D:11     | 19528 ||| INVOKING Heroism.
 19566 | D:11     | 19566 ||| Stepping ~*~*~tactically~*~*~ (stealth).
 19567 | D:11     | 19567 ||| Stepping ~*~*~tactically~*~*~ (stealth).
 19571 | D:11     | 19571 ||| Stepping ~*~*~tactically~*~*~ (stealth).
 19818 | D:11     | 19818 ||| PLANNING D
 19818 | D:11     | 19818 ||| READING scroll labelled SOUCULAHUA.
 19818 | D:11     | Identified a scroll of acquirement
 19818 | D:11     | 19818 ||| ACQUIRING ring of Honkoroi {Contam +Blink rN+
                  | MP+9 Str+6}
 19818 | D:11     | Acquired the ring of Honkoroi {Contam +Blink rN+ MP+9
                  | Str+6}
 19820 | D:11     | 19820 ||| UPGRADING to ring of Honkoroi {Contam +Blink rN+
                  | MP+9 Str+6}.
 19863 | D:11     | 19863 ||| DROPPING +6 ring of dexterity.
 19864 | D:11     | 19864 ||| DROPPING scroll of torment.
 19899 | D:12     | 19899 ||| INVOKING Heroism.
 19930 | D:12     | 19930 ||| Stepping ~*~*~tactically~*~*~ (stealth).
 19937 | D:12     | 19937 ||| FLEEEEING.
 19939 | D:12     | 19939 ||| FLEEEEING.
 19940 | D:12     | 19940 ||| FLEEEEING.
 19941 | D:12     | 19941 ||| FLEEEEING.
 19942 | D:12     | 19942 ||| FLEEEEING.
 19943 | D:12     | 19943 ||| FLEEEEING.
 19944 | D:12     | 19944 ||| FLEEEEING.
 19945 | D:12     | 19945 ||| FLEEEEING.
 19946 | D:12     | 19946 ||| FLEEEEING.
 19947 | D:12     | 19947 ||| FLEEEEING.
 19948 | D:12     | 19948 ||| FLEEEEING.
 19949 | D:12     | 19949 ||| FLEEEEING.
 19950 | D:12     | 19950 ||| FLEEEEING.
 19951 | D:12     | 19951 ||| STAIRDANCE
 20003 | D:12     | 20003 ||| STAIRDANCE
 20129 | D:12     | 20129 ||| Stepping randomly (disturbance).
 20130 | D:12     | 20130 ||| Stepping randomly (disturbance).
 20397 | D:12     | Found Viuf's Distillery.
 20400 | D:12     | 20400 ||| BUYING 2 potions of curing (84 gold).
 20400 | D:12     | Bought 2 potions of curing for 84 gold pieces
 20400 | D:12     | 20400 ||| BUYING potion of curing (42 gold).
 20400 | D:12     | Bought a potion of curing for 42 gold pieces
 20400 | D:12     | 20400 ||| BUYING potion of lignification (42 gold).
 20400 | D:12     | Bought a potion of lignification for 42 gold pieces
 20400 | D:12     | 20400 ||| BUYING potion of magic (112 gold).
 20400 | D:12     | Bought a potion of magic for 112 gold pieces
 20400 | D:12     | 20400 ||| BUYING potion of might (56 gold).
 20400 | D:12     | Bought a potion of might for 56 gold pieces
 20400 | D:12     | 20400 ||| BUYING potion of mutation (112 gold).
 20400 | D:12     | Bought a potion of mutation for 112 gold pieces
 20443 | D:12     | 20443 ||| INVOKING Heroism.
 20757 | D:12     | Found a portal to a secret trove of treasure.
 20983 | D:13     | Found a gate leading to a gauntlet.
 20984 | D:13     | 20984 ||| PLANNING GAUNTLET
 20984 | D:13     | 20984 ||| INVOKING Heroism.
 20985 | D:13     | 20985 ||| SWAPPING to +0 morningstar.
 20992 | D:13     | 20992 ||| SWAPPING to +1 broad axe of venom.
 21036 | D:13     | 21036 ||| Stepping ~*~*~tactically~*~*~ (hiding).
 21043 | D:13     | Reached XP level 15. HP: 88/105 MP: 22/22
 21108 | Gauntlet | Entered a Gauntlet
 21108 | Gauntlet | Found a transporter.
 21108 | Gauntlet | Found a transporter.
 21108 | Gauntlet | Found a transporter.
 21109 | Gauntlet | Found a transporter.
 21113 | Gauntlet | Found a transporter.
 21122 | Gauntlet | Found a transporter.
 21137 | Gauntlet | Found a transporter.
 21145 | Gauntlet | Found a transporter.
 21163 | Gauntlet | Found a transporter.
 21171 | Gauntlet | Found a transporter.
 21189 | Gauntlet | Found a transporter.
 21189 | Gauntlet | an iron troll changed into a quicksilver dragon
 21189 | Gauntlet | Noticed a quicksilver dragon (shapeshifter)
 21246 | Gauntlet | Found a transporter.
 21319 | Gauntlet | 21319 ||| Stepping randomly (stuck).
 21320 | Gauntlet | 21320 ||| Stepping randomly (stuck).
 21361 | Gauntlet | 21361 ||| DROPPING +6 ring of strength.
 21363 | Gauntlet | Noticed a fenstrider witch
 21367 | Gauntlet | 21367 ||| INVOKING Heroism.
 21373 | Gauntlet | Killed a fenstrider witch
 21393 | Gauntlet | 21393 ||| UPGRADING to +2 pair of gloves of hurling.
 21413 | Gauntlet | 21413 ||| Stepping randomly (stuck).
 21414 | Gauntlet | 21414 ||| Stepping randomly (stuck).
 21415 | Gauntlet | 21415 ||| Stepping randomly (stuck).
 21416 | Gauntlet | 21416 ||| Stepping randomly (stuck).
 21460 | Gauntlet | 21460 ||| INVOKING Heroism.
 21606 | D:13     | 21606 ||| PLANNING D
 21633 | D:13     | 21633 ||| INVOKING Heroism.
 21657 | D:13     | 21657 ||| DRINKING 9 potions of curing.
 21657 | D:13     | 21657 ||| (to cure confusion)
 21757 | D:13     | 21757 ||| Stepping ~*~*~tactically~*~*~ (stealth).
 21759 | D:13     | 21759 ||| Stepping ~*~*~tactically~*~*~ (stealth).
 21762 | D:13     | 21762 ||| INVOKING Heroism.
 21763 | D:13     | 21763 ||| Stepping ~*~*~tactically~*~*~ (stealth).
 21767 | D:13     | 21767 ||| READING 5 scrolls of teleportation.
 21786 | D:13     | 21786 ||| Stepping ~*~*~tactically~*~*~ (stealth).
 21788 | D:13     | 21788 ||| Stepping ~*~*~tactically~*~*~ (stealth).
 21791 | D:13     | 21791 ||| Stepping ~*~*~tactically~*~*~ (stealth).
 21793 | D:13     | 21793 ||| Stepping ~*~*~tactically~*~*~ (stealth).
 21804 | D:13     | 21804 ||| Stepping ~*~*~tactically~*~*~ (stealth).
 21844 | D:13     | 21844 ||| Stepping ~*~*~tactically~*~*~ (hiding).
 21963 | D:13     | 21963 ||| INVOKING Heroism.
 21964 | D:13     | 21964 ||| Stepping ~*~*~tactically~*~*~ (stealth).
 21974 | D:13     | Reached skill level 13 in Fighting
 22697 | D:13     | 22697 ||| Stepping ~*~*~tactically~*~*~ (stealth).
 22700 | D:13     | 22700 ||| INVOKING Heroism.
 22701 | D:13     | 22701 ||| SWAPPING to +0 morningstar.
 22702 | D:13     | 22702 ||| INVOKING Finesse.
 22711 | D:13     | 22711 ||| SWAPPING to +1 broad axe of venom.
 22770 | D:13     | 22770 ||| Stepping ~*~*~tactically~*~*~ (stealth).
 22971 | D:13     | 22971 ||| Stepping ~*~*~tactically~*~*~ (stealth).
 22991 | D:13     | 22991 ||| INVOKING Heroism.
 23115 | D:13     | Found a gate to the Vaults.
 23125 | D:13     | 23125 ||| Stepping ~*~*~tactically~*~*~ (hiding).
 23127 | D:13     | 23127 ||| Stepping ~*~*~tactically~*~*~ (hiding).
 23130 | D:13     | 23130 ||| Stepping ~*~*~tactically~*~*~ (hiding).
 23684 | D:14     | 23684 ||| Stepping ~*~*~tactically~*~*~ (hiding).
 23687 | D:14     | 23687 ||| Stepping ~*~*~tactically~*~*~ (hiding).
 23688 | D:14     | 23688 ||| Stepping ~*~*~tactically~*~*~ (hiding).
 23693 | D:14     | Reached skill level 6 in Throwing
 23695 | D:14     | 23695 ||| INVOKING Heroism.
 23698 | D:14     | 23698 ||| Stepping ~*~*~tactically~*~*~ (stealth).
 23700 | D:14     | Received a gift from Okawaru
 23702 | D:14     | 23702 ||| Stepping ~*~*~tactically~*~*~ (stealth).
 23855 | D:14     | 23855 ||| INVOKING Heroism.
 23857 | D:14     | 23857 ||| Stepping ~*~*~tactically~*~*~ (stealth).
 23918 | D:14     | 23918 ||| Stepping ~*~*~tactically~*~*~ (stealth).
 23920 | D:14     | 23920 ||| Stepping ~*~*~tactically~*~*~ (stealth).
 23922 | D:14     | 23922 ||| Stepping ~*~*~tactically~*~*~ (stealth).
 23924 | D:14     | 23924 ||| INVOKING Heroism.
 24176 | D:14     | 24176 ||| Stepping ~*~*~tactically~*~*~ (stealth).
 24183 | D:14     | 24183 ||| INVOKING Heroism.
 24195 | D:14     | 24195 ||| Stepping ~*~*~tactically~*~*~ (stealth).
 24247 | D:14     | Received a gift from Okawaru
 24518 | D:15     | Entered Level 15 of the Dungeon
 24588 | D:15     | 24588 ||| Stepping ~*~*~tactically~*~*~ (stealth).
 24589 | D:15     | 24589 ||| Stepping ~*~*~tactically~*~*~ (stealth).
 24592 | D:15     | 24592 ||| Stepping ~*~*~tactically~*~*~ (stealth).
 24611 | D:15     | 24611 ||| Stepping ~*~*~tactically~*~*~ (stealth).
 24613 | D:15     | 24613 ||| Stepping ~*~*~tactically~*~*~ (stealth).
 24618 | D:15     | 24618 ||| INVOKING Heroism.
 24801 | D:15     | 24801 ||| READING scroll of acquirement.
 24801 | D:15     | 24801 ||| ACQUIRING 886 gold pieces
 24801 | D:15     | Acquired 886 gold pieces
 25087 | D:15     | 25087 ||| INVOKING Heroism.
 25088 | D:15     | 25088 ||| SWAPPING to +0 morningstar.
 25089 | D:15     | 25089 ||| INVOKING Finesse.
 25093 | D:15     | Reached skill level 18 in Axes
 25093 | D:15     | 25093 ||| SWAPPING to +1 broad axe of venom.
 25215 | D:15     | Received a gift from Okawaru
 25224 | D:15     | 25224 ||| Stepping ~*~*~tactically~*~*~ (hiding).
 25229 | D:15     | 25229 ||| INVOKING Heroism.
 25415 | D:15     | 25415 ||| Stepping ~*~*~tactically~*~*~ (hiding).
 25415 | D:15     | Found a staircase to the Depths.
 25416 | D:15     | 25416 ||| INVOKING Heroism.
 25429 | D:15     | Received a gift from Okawaru
 25430 | D:15     | Reached XP level 16. HP: 47/114 MP: 23/23
 25434 | D:15     | 25434 ||| FLEEEEING.
 25441 | D:15     | Reached skill level 9 in Shields
 25718 | D:15     | 25718 ||| Stepping ~*~*~tactically~*~*~ (hiding).
 25789 | D:15     | 25789 ||| PLANNING ORC
 25789 | D:15     | 25789 ||| UPGRADING to +0 kite shield.
 25799 | D:15     | 25799 ||| DROPPING +2 buckler.
 25975 | Orc:1    | Entered Level 1 of the Orcish Mines
 25976 | Orc:1    | 25976 ||| INVOKING Heroism.
 26202 | Orc:1    | Noticed Harold
 26203 | Orc:1    | 26203 ||| Stepping ~*~*~tactically~*~*~ (hiding).
 26211 | Orc:1    | Killed Harold
 26453 | Orc:2    | Entered Level 2 of the Orcish Mines
 26732 | Orc:2    | Found Zirimiu's Distillery.
 26733 | Orc:2    | 26733 ||| INVOKING Heroism.
 26743 | Orc:2    | Found Ceycsyrr's Distillery.
 26748 | Orc:2    | 26748 ||| Stepping ~*~*~tactically~*~*~ (hiding).
 26768 | Orc:2    | Received a gift from Okawaru
 26792 | Orc:2    | 26792 ||| FLEEEEING.
 26798 | Orc:2    | 26798 ||| FLEEEEING.
 26799 | Orc:2    | 26799 ||| FLEEEEING.
 26800 | Orc:2    | 26800 ||| FLEEEEING.
 26806 | Orc:2    | 26806 ||| FLEEEEING.
 26807 | Orc:2    | 26807 ||| FLEEEEING.
 26808 | Orc:2    | 26808 ||| STAIRDANCE
 26879 | Orc:2    | 26879 ||| STAIRDANCE
 26958 | Orc:2    | 26958 ||| Stepping ~*~*~tactically~*~*~ (stealth).
 26984 | Orc:2    | 26984 ||| Stepping ~*~*~tactically~*~*~ (hiding).
 26985 | Orc:2    | 26985 ||| INVOKING Heroism.
 27009 | Orc:2    | HP: 28/114 [ice devil (23)]
 27010 | Orc:2    | 27010 ||| READING 4 scrolls of teleportation.
 27010 | Orc:2    | HP: 12/114 [orc knight/+0 halberd (11)]
 27011 | Orc:2    | 27011 ||| DRINKING 8 potions of heal wounds.
 27012 | Orc:2    | 27012 ||| DRINKING 7 potions of heal wounds.
 27372 | Orc:2    | Found a staircase to the Elven Halls.
 27424 | Orc:2    | 27424 ||| INVOKING Heroism.
 27584 | Orc:2    | 27584 ||| Stepping ~*~*~tactically~*~*~ (hiding).
 27589 | Orc:2    | 27589 ||| Stepping ~*~*~tactically~*~*~ (stealth).
 27619 | Orc:2    | 27619 ||| BUYING potion of curing (45 gold).
 27619 | Orc:2    | Bought a potion of curing for 45 gold pieces
 27619 | Orc:2    | 27619 ||| BUYING potion of haste (150 gold).
 27619 | Orc:2    | Bought a potion of haste for 150 gold pieces
 27619 | Orc:2    | 27619 ||| BUYING potion of haste (150 gold).
 27619 | Orc:2    | Bought a potion of haste for 150 gold pieces
 27619 | Orc:2    | 27619 ||| BUYING potion of heal wounds (75 gold).
 27619 | Orc:2    | Bought a potion of heal wounds for 75 gold pieces
 27619 | Orc:2    | 27619 ||| BUYING potion of heal wounds (75 gold).
 27619 | Orc:2    | Bought a potion of heal wounds for 75 gold pieces
 27619 | Orc:2    | 27619 ||| BUYING potion of mutation (120 gold).
 27619 | Orc:2    | Bought a potion of mutation for 120 gold pieces
 27621 | Orc:2    | 27621 ||| BUYING 2 potions of attraction (78 gold).
 27621 | Orc:2    | Bought 2 potions of attraction for 78 gold pieces
 27621 | Orc:2    | 27621 ||| BUYING potion of curing (39 gold).
 27621 | Orc:2    | Bought a potion of curing for 39 gold pieces
 27621 | Orc:2    | 27621 ||| BUYING potion of curing (39 gold).
 27621 | Orc:2    | Bought a potion of curing for 39 gold pieces
 27621 | Orc:2    | 27621 ||| BUYING potion of curing (39 gold).
 27621 | Orc:2    | Bought a potion of curing for 39 gold pieces
 27621 | Orc:2    | 27621 ||| BUYING potion of haste (130 gold).
 27621 | Orc:2    | Bought a potion of haste for 130 gold pieces
 27621 | Orc:2    | 27621 ||| BUYING potion of heal wounds (65 gold).
 27621 | Orc:2    | Bought a potion of heal wounds for 65 gold pieces
 27621 | Orc:2    | 27621 ||| BUYING potion of magic (104 gold).
 27621 | Orc:2    | Bought a potion of magic for 104 gold pieces
 27621 | Orc:2    | 27621 ||| BUYING potion of mutation (104 gold).
 27621 | Orc:2    | Bought a potion of mutation for 104 gold pieces
 27634 | Orc:2    | 27634 ||| Stepping ~*~*~tactically~*~*~ (hiding).
 27642 | Orc:2    | 27642 ||| INVOKING Heroism.
 27658 | Orc:2    | 27658 ||| Stepping ~*~*~tactically~*~*~ (hiding).
 27679 | Orc:2    | 27679 ||| INVOKING Heroism.
 27685 | Orc:2    | Received a gift from Okawaru
 27697 | Orc:2    | 27697 ||| INVOKING Finesse.
 27705 | Orc:2    | 27705 ||| FLEEEEING.
 27707 | Orc:2    | 27707 ||| FLEEEEING.
 27708 | Orc:2    | 27708 ||| FLEEEEING.
 27709 | Orc:2    | 27709 ||| FLEEEEING.
 27710 | Orc:2    | 27710 ||| FLEEEEING.
 27711 | Orc:2    | 27711 ||| FLEEEEING.
 27713 | Orc:2    | 27713 ||| FLEEEEING.
 27714 | Orc:2    | 27714 ||| FLEEEEING.
 27715 | Orc:2    | 27715 ||| FLEEEEING.
 27716 | Orc:2    | 27716 ||| FLEEEEING.
 27717 | Orc:2    | 27717 ||| FLEEEEING.
 27718 | Orc:2    | 27718 ||| FLEEEEING.
 27719 | Orc:2    | 27719 ||| FLEEEEING.
 27720 | Orc:2    | 27720 ||| FLEEEEING.
 27722 | Orc:2    | 27722 ||| FLEEEEING.
 27723 | Orc:2    | 27723 ||| FLEEEEING.
 27724 | Orc:2    | 27724 ||| FLEEEEING.
 27725 | Orc:2    | 27725 ||| FLEEEEING.
 27726 | Orc:2    | 27726 ||| FLEEEEING.
 27727 | Orc:2    | 27727 ||| FLEEEEING.
 27728 | Orc:2    | 27728 ||| FLEEEEING.
 27729 | Orc:2    | 27729 ||| FLEEEEING.
 27730 | Orc:2    | 27730 ||| FLEEEEING.
 27731 | Orc:2    | 27731 ||| FLEEEEING.
 27732 | Orc:2    | 27732 ||| FLEEEEING.
 27733 | Orc:2    | 27733 ||| FLEEEEING.
 27734 | Orc:2    | 27734 ||| FLEEEEING.
 27735 | Orc:2    | 27735 ||| FLEEEEING.
 27736 | Orc:2    | 27736 ||| STAIRDANCE
 27952 | Orc:2    | 27952 ||| STAIRDANCE
 27976 | Orc:2    | 27976 ||| INVOKING Heroism.
 28087 | Orc:2    | 28087 ||| DROPPING +2 war axe of freezing.
 28100 | Orc:2    | 28100 ||| Stepping ~*~*~tactically~*~*~ (stealth).
 28124 | Orc:2    | 28124 ||| INVOKING Heroism.
 28252 | Orc:2    | Found Ifyhulel's Jewellery Boutique.
 28252 | Orc:2    | Found Ciskajoe's Antique Weapon Shop.
 28253 | Orc:2    | Found a one-way gate leading to the halls of Pandemonium.
 28255 | Orc:2    | 28255 ||| BUYING amulet "Dapn" {Acrobat rF+ Str-3 Int+4}
                  | (507 gold).
 28255 | Orc:2    | Bought the amulet "Dapn" {Acrobat rF+ Str-3 Int+4} for 507
                  | gold pieces
 28255 | Orc:2    | 28255 ||| SHOPLISTING amulet of the Four Winds {rN+ Will+++
                  | Clar} (667 gold, have 460).
 28255 | Orc:2    | 28255 ||| BUYING ring of fire (275 gold).
 28255 | Orc:2    | Bought a ring of fire for 275 gold pieces
 28255 | Orc:2    | 28255 ||| SHOPLISTING ring of protection from cold (275
                  | gold, have 185).
 28313 | Orc:2    | 28313 ||| INVOKING Heroism.
 28317 | Orc:2    | Reached skill level 12 in Shields
 28540 | Orc:1    | 28540 ||| Stepping ~*~*~tactically~*~*~ (stealth).
 28541 | Orc:1    | 28541 ||| Stepping ~*~*~tactically~*~*~ (stealth).
 28542 | Orc:1    | 28542 ||| Stepping ~*~*~tactically~*~*~ (stealth).
 28544 | Orc:1    | 28544 ||| Stepping ~*~*~tactically~*~*~ (stealth).
 28545 | Orc:1    | 28545 ||| Stepping ~*~*~tactically~*~*~ (stealth).
 28585 | Orc:1    | 28585 ||| Stepping ~*~*~tactically~*~*~ (hiding).
 28610 | Orc:1    | 28610 ||| Stepping ~*~*~tactically~*~*~ (stealth).
 28623 | Orc:1    | 28623 ||| Stepping ~*~*~tactically~*~*~ (stealth).
 28625 | Orc:1    | 28625 ||| Stepping ~*~*~tactically~*~*~ (stealth).
 28627 | Orc:1    | 28627 ||| Stepping ~*~*~tactically~*~*~ (hiding).
 28628 | Orc:1    | 28628 ||| Stepping ~*~*~tactically~*~*~ (hiding).
 28629 | Orc:1    | 28629 ||| Stepping ~*~*~tactically~*~*~ (hiding).
 28704 | Orc:1    | Found a runed translucent door.
 28706 | Orc:1    | Noticed Ciata's ghost (journeyman MiBe)
 28711 | Orc:1    | 28711 ||| Stepping ~*~*~tactically~*~*~ (stealth).
 28862 | Orc:1    | 28862 ||| PLANNING SWAMP:1-3
 29015 | Swamp:1  | Entered Level 1 of the Swamp
 29027 | Swamp:1  | 29027 ||| INVOKING Heroism.
 29037 | Swamp:1  | 29037 ||| Stepping ~*~*~tactically~*~*~ (cloud).
 29038 | Swamp:1  | 29038 ||| Stepping ~*~*~tactically~*~*~ (cloud).
 29244 | Swamp:1  | 29244 ||| Stepping ~*~*~tactically~*~*~ (hiding).
 29245 | Swamp:1  | 29245 ||| INVOKING Heroism.
 29371 | Swamp:1  | 29371 ||| Stepping ~*~*~tactically~*~*~ (hiding).
 29410 | Swamp:1  | 29410 ||| INVOKING Heroism.
 29605 | Swamp:1  | 29605 ||| Stepping ~*~*~tactically~*~*~ (stealth).
 29606 | Swamp:1  | 29606 ||| Stepping ~*~*~tactically~*~*~ (stealth).
 29607 | Swamp:1  | 29607 ||| INVOKING Heroism.
 29622 | Swamp:1  | 29622 ||| Stepping ~*~*~tactically~*~*~ (hiding).
 29661 | Swamp:1  | 29661 ||| INVOKING Heroism.
 29671 | Swamp:1  | 29671 ||| Stepping ~*~*~tactically~*~*~ (hiding).
 29909 | Swamp:1  | Found a runed translucent door.
 29909 | Swamp:1  | Found a shimmering altar of Xom.
 29909 | Swamp:1  | Noticed Silenth's ghost (adept KoHu)
 29947 | Swamp:1  | 29947 ||| Stepping ~*~*~tactically~*~*~ (hiding).
 29949 | Swamp:1  | 29949 ||| Stepping ~*~*~tactically~*~*~ (hiding).
 29997 | Swamp:1  | 29997 ||| Stepping ~*~*~tactically~*~*~ (stealth).
 29999 | Swamp:1  | 29999 ||| Stepping ~*~*~tactically~*~*~ (hiding).
 30075 | Swamp:1  | 30075 ||| Stepping ~*~*~tactically~*~*~ (stealth).
 30076 | Swamp:1  | 30076 ||| Stepping ~*~*~tactically~*~*~ (stealth).
 30197 | Swamp:1  | Received a gift from Okawaru
 30493 | Swamp:2  | 30493 ||| INVOKING Heroism.
 30494 | Swamp:2  | 30494 ||| SWAPPING to +0 morningstar.
 30495 | Swamp:2  | 30495 ||| INVOKING Finesse.
 30496 | Swamp:2  | 30496 ||| STAIRDANCE
 30502 | Swamp:1  | 30502 ||| SWAPPING to +1 broad axe of venom.
 30579 | Swamp:2  | 30579 ||| INVOKING Heroism.
 30581 | Swamp:2  | 30581 ||| INVOKING Finesse.
 30586 | Swamp:2  | 30586 ||| SWAPPING to +0 morningstar.
 30589 | Swamp:2  | 30589 ||| Stepping ~*~*~tactically~*~*~ (outnumbered).
 30591 | Swamp:2  | 30591 ||| Stepping ~*~*~tactically~*~*~ (outnumbered).
 30595 | Swamp:2  | 30595 ||| Stepping ~*~*~tactically~*~*~ (outnumbered).
 30596 | Swamp:2  | 30596 ||| Stepping ~*~*~tactically~*~*~ (outnumbered).
 30597 | Swamp:2  | 30597 ||| Stepping ~*~*~tactically~*~*~ (outnumbered).
 30598 | Swamp:2  | 30598 ||| Stepping ~*~*~tactically~*~*~ (outnumbered).
 30599 | Swamp:2  | 30599 ||| Stepping ~*~*~tactically~*~*~ (outnumbered).
 30600 | Swamp:2  | 30600 ||| Stepping ~*~*~tactically~*~*~ (outnumbered).
 30600 | Swamp:2  | HP: 22/114 [five-headed hydra (8)]
 30601 | Swamp:2  | 30601 ||| READING 5 scrolls of teleportation.
 30602 | Swamp:2  | 30602 ||| DRINKING 9 potions of heal wounds.
 30603 | Swamp:2  | 30603 ||| DRINKING 8 potions of heal wounds.
 30604 | Swamp:2  | 30604 ||| Stepping ~*~*~tactically~*~*~ (outnumbered).
 30605 | Swamp:2  | 30605 ||| READING 4 scrolls of teleportation.
 30606 | Swamp:2  | 30606 ||| DRINKING 7 potions of heal wounds.
 30607 | Swamp:2  | 30607 ||| Stepping ~*~*~tactically~*~*~ (outnumbered).
 30607 | Swamp:2  | HP: 18/114 [spriggan rider/+0 spear of distortion[a
                  | spriggan druid] (25)]
 30608 | Swamp:2  | 30608 ||| READING 3 scrolls of teleportation.
 30609 | Swamp:2  | 30609 ||| DRINKING 6 potions of heal wounds.
 30610 | Swamp:2  | 30610 ||| DRINKING 5 potions of heal wounds.
 30611 | Swamp:2  | 30611 ||| SWAPPING to +1 broad axe of venom.
 30612 | Swamp:2  | 30612 ||| SWAPPING to +0 morningstar.
 30613 | Swamp:2  | 30613 ||| SWAPPING to +1 broad axe of venom.
 30620 | Swamp:2  | 30620 ||| Stepping ~*~*~tactically~*~*~ (hiding).
 30621 | Swamp:2  | 30621 ||| Stepping ~*~*~tactically~*~*~ (hiding).
 30622 | Swamp:2  | 30622 ||| Stepping ~*~*~tactically~*~*~ (hiding).
 30631 | Swamp:2  | 30631 ||| FLEEEEING.
 30632 | Swamp:2  | 30632 ||| FLEEEEING.
 30634 | Swamp:2  | 30634 ||| STAIRDANCE
 30902 | Swamp:2  | 30902 ||| INVOKING Heroism.
 30903 | Swamp:2  | 30903 ||| STAIRDANCE
 30939 | Swamp:2  | 30939 ||| STAIRDANCE
 30941 | Swamp:1  | 30941 ||| SWAPPING to +0 morningstar.
 30942 | Swamp:1  | 30942 ||| INVOKING Heroism.
 30943 | Swamp:1  | 30943 ||| INVOKING Finesse.
 30948 | Swamp:1  | 30948 ||| SWAPPING to +1 broad axe of venom.
 30951 | Swamp:1  | Received a gift from Okawaru
 30959 | Swamp:1  | Reached skill level 14 in Fighting
 31106 | Swamp:2  | 31106 ||| STAIRDANCE
 31108 | Swamp:1  | 31108 ||| INVOKING Heroism.
 31151 | Swamp:2  | 31151 ||| STAIRDANCE
 31153 | Swamp:1  | 31153 ||| SWAPPING to +0 morningstar.
 31154 | Swamp:1  | 31154 ||| INVOKING Finesse.
 31155 | Swamp:1  | 31155 ||| Stepping ~*~*~tactically~*~*~ (outnumbered).
 31156 | Swamp:1  | 31156 ||| Stepping ~*~*~tactically~*~*~ (outnumbered).
 31157 | Swamp:1  | 31157 ||| Stepping ~*~*~tactically~*~*~ (outnumbered).
 31162 | Swamp:1  | 31162 ||| SWAPPING to +1 broad axe of venom.
 31209 | Swamp:2  | 31209 ||| STAIRDANCE
 31211 | Swamp:1  | 31211 ||| INVOKING Heroism.
 31212 | Swamp:1  | 31212 ||| SWAPPING to +0 morningstar.
 31213 | Swamp:1  | 31213 ||| INVOKING Finesse.
 31227 | Swamp:1  | 31227 ||| SWAPPING to +1 broad axe of venom.
 31490 | Swamp:2  | 31490 ||| STAIRDANCE
 31490 | Swamp:2  | HP: 29/116 [will-o-the-wisp/foxfire (24)]
 31492 | Swamp:1  | 31492 ||| READING 2 scrolls of teleportation.
 31493 | Swamp:1  | 31493 ||| INVOKING Heroism.
 31846 | Swamp:2  | 31846 ||| STAIRDANCE
 31852 | Swamp:1  | Reached XP level 17. HP: 122/122 MP: 24/24
 31880 | Swamp:2  | 31880 ||| STAIRDANCE
 31882 | Swamp:1  | 31882 ||| INVOKING Heroism.
 32090 | Swamp:2  | 32090 ||| STAIRDANCE
 32150 | Swamp:2  | 32150 ||| INVOKING Heroism.
 32165 | Swamp:2  | 32165 ||| Stepping ~*~*~tactically~*~*~ (hiding).
 32166 | Swamp:2  | 32166 ||| Stepping ~*~*~tactically~*~*~ (hiding).
 32183 | Swamp:2  | 32183 ||| Stepping ~*~*~tactically~*~*~ (stealth).
 32219 | Swamp:2  | 32219 ||| FLEEEEING.
 32220 | Swamp:2  | 32220 ||| STAIRDANCE
 32481 | Swamp:2  | 32481 ||| READING scroll of brand weapon.
 32481 | Swamp:2  | 32481 ||| BRANDING +1 broad axe of venom.
 32559 | Swamp:2  | 32559 ||| Stepping randomly (cloudy).
 32560 | Swamp:2  | 32560 ||| Stepping randomly (cloudy).
 32561 | Swamp:2  | 32561 ||| INVOKING Heroism.
 32571 | Swamp:2  | 32571 ||| Stepping ~*~*~tactically~*~*~ (cloud).
 32817 | Swamp:3  | Noticed Bai Suzhen
 32818 | Swamp:3  | 32818 ||| INVOKING Heroism.
 32819 | Swamp:3  | 32819 ||| INVOKING Finesse.
 32822 | Swamp:3  | 32822 ||| SWAPPING to +0 morningstar.
 32824 | Swamp:3  | 32824 ||| Stepping ~*~*~tactically~*~*~ (outnumbered).
 32825 | Swamp:3  | 32825 ||| Stepping ~*~*~tactically~*~*~ (outnumbered).
 32826 | Swamp:3  | 32826 ||| STAIRDANCE
 32828 | Swamp:2  | 32828 ||| SWAPPING to +1 broad axe of draining.
 32868 | Swamp:3  | 32868 ||| STAIRDANCE
 32870 | Swamp:2  | 32870 ||| INVOKING Heroism.
 32871 | Swamp:2  | 32871 ||| INVOKING Finesse.
 32872 | Swamp:2  | 32872 ||| SWAPPING to +0 morningstar.
 32875 | Swamp:2  | 32875 ||| Stepping ~*~*~tactically~*~*~ (outnumbered).
 32876 | Swamp:2  | 32876 ||| Stepping ~*~*~tactically~*~*~ (outnumbered).
 32897 | Swamp:2  | 32897 ||| SWAPPING to +1 broad axe of draining.
 32899 | Swamp:2  | Killed Bai Suzhen
 32900 | Swamp:2  | Reached skill level 12 in Armour
 32900 | Swamp:2  | 32900 ||| Stepping ~*~*~tactically~*~*~ (cloud).
 33178 | Swamp:3  | 33178 ||| Stepping ~*~*~tactically~*~*~ (hiding).
 33179 | Swamp:3  | 33179 ||| INVOKING Heroism.
 33180 | Swamp:3  | 33180 ||| SWAPPING to +0 morningstar.
 33191 | Swamp:3  | 33191 ||| SWAPPING to +1 broad axe of draining.
 33202 | Swamp:3  | Noticed Kirke
 33206 | Swamp:3  | Received a gift from Okawaru
 33222 | Swamp:3  | Killed Kirke
 33377 | Swamp:3  | 33377 ||| Stepping ~*~*~tactically~*~*~ (hiding).
 33378 | Swamp:3  | 33378 ||| Stepping ~*~*~tactically~*~*~ (hiding).
 33385 | Swamp:3  | Received a gift from Okawaru
 33403 | Swamp:3  | 33403 ||| INVOKING Heroism.
 33600 | Swamp:3  | 33600 ||| INVOKING Heroism.
 33611 | Swamp:3  | 33611 ||| Stepping ~*~*~tactically~*~*~ (stealth).
 33677 | Swamp:3  | 33677 ||| INVOKING Heroism.
 33942 | Swamp:3  | 33942 ||| INVOKING Heroism.
 34086 | Swamp:3  | Noticed Mara
 34087 | Swamp:3  | 34087 ||| INVOKING Heroism.
 34088 | Swamp:3  | 34088 ||| INVOKING Finesse.
 34107 | Swamp:3  | Noticed qw's illusion
 34133 | Swamp:3  | Killed Mara
 34340 | Swamp:3  | 34340 ||| DROPPING +0 morningstar.
 34506 | Swamp:3  | 34506 ||| Stepping ~*~*~tactically~*~*~ (hiding).
 34513 | Swamp:3  | 34513 ||| INVOKING Heroism.
 34588 | Swamp:3  | 34588 ||| Stepping ~*~*~tactically~*~*~ (cloud).
 34589 | Swamp:3  | 34589 ||| Stepping ~*~*~tactically~*~*~ (cloud).
 34676 | Swamp:3  | 34676 ||| PLANNING SNAKE:1-3
 34676 | Swamp:3  | 34676 ||| DROPPING +3 plate armour.
 34677 | Swamp:3  | 34677 ||| DROPPING +1 hat.
 34769 | Snake:1  | Entered Level 1 of the Snake Pit
 34785 | Snake:1  | Noticed Jorgrun
 34789 | Snake:1  | Reached skill level 15 in Fighting
 34789 | Snake:1  | 34789 ||| INVOKING Heroism.
 34799 | Snake:1  | Killed Jorgrun
 34805 | Snake:1  | 34805 ||| Stepping ~*~*~tactically~*~*~ (stealth).
 34827 | Snake:1  | 34827 ||| Stepping ~*~*~tactically~*~*~ (stealth).
 34840 | Snake:1  | 34840 ||| INVOKING Heroism.
 34856 | Snake:1  | 34856 ||| INVOKING Heroism.
 34898 | Snake:1  | 34898 ||| INVOKING Heroism.
 35304 | Snake:1  | 35304 ||| Stepping ~*~*~tactically~*~*~ (hiding).
 35478 | Snake:1  | 35478 ||| Stepping ~*~*~tactically~*~*~ (hiding).
 35529 | Snake:1  | Noticed Josephine
 35530 | Snake:1  | 35530 ||| Stepping ~*~*~tactically~*~*~ (hiding).
 35531 | Snake:1  | 35531 ||| INVOKING Heroism.
 35546 | Snake:1  | Killed Josephine
 35546 | Snake:1  | Received a gift from Okawaru
 35647 | Snake:1  | 35647 ||| Stepping ~*~*~tactically~*~*~ (stealth).
 35649 | Snake:1  | 35649 ||| Stepping ~*~*~tactically~*~*~ (hiding).
 35653 | Snake:1  | 35653 ||| Stepping ~*~*~tactically~*~*~ (hiding).
 35654 | Snake:1  | 35654 ||| Stepping ~*~*~tactically~*~*~ (hiding).
 35734 | Snake:1  | 35734 ||| Stepping ~*~*~tactically~*~*~ (hiding).
 36095 | Snake:1  | Noticed Aizul
 36096 | Snake:1  | 36096 ||| Stepping ~*~*~tactically~*~*~ (hiding).
 36099 | Snake:1  | 36099 ||| INVOKING Heroism.
 36100 | Snake:1  | 36100 ||| INVOKING Finesse.
 36117 | Snake:1  | Killed Aizul
 36186 | Snake:1  | Reached skill level 9 in Throwing
 36334 | Snake:1  | 36334 ||| Stepping ~*~*~tactically~*~*~ (stealth).
 36335 | Snake:1  | 36335 ||| Stepping ~*~*~tactically~*~*~ (stealth).
 36341 | Snake:1  | 36341 ||| INVOKING Heroism.
 36366 | Snake:1  | 36366 ||| Stepping ~*~*~tactically~*~*~ (stealth).
 36376 | Snake:1  | 36376 ||| Stepping ~*~*~tactically~*~*~ (hiding).
 36385 | Snake:1  | Reached skill level 15 in Shields
 36801 | Snake:1  | 36801 ||| UPGRADING to +2 cloak of stealth.
 36806 | Snake:1  | 36806 ||| DROPPING amulet of the acrobat.
 37075 | Snake:2  | 37075 ||| Stepping ~*~*~tactically~*~*~ (hiding).
 37078 | Snake:2  | 37078 ||| INVOKING Heroism.
 37362 | Snake:2  | 37362 ||| INVOKING Heroism.
 37369 | Snake:2  | Reached XP level 18. HP: 130/130 MP: 25/25
 37369 | Snake:2  | 37369 ||| DROPPING +1 vampiric demon whip.
 37393 | Snake:2  | 37393 ||| Stepping ~*~*~tactically~*~*~ (hiding).
 37435 | Snake:2  | 37435 ||| Stepping ~*~*~tactically~*~*~ (hiding).
 37442 | Snake:2  | 37442 ||| INVOKING Heroism.
 37531 | Snake:2  | 37531 ||| INVOKING Heroism.
 37666 | Snake:2  | 37666 ||| Stepping ~*~*~tactically~*~*~ (hiding).
 37916 | Snake:2  | Found Laecw's Armour Emporium.
 38070 | Snake:2  | Found Kaaffat's General Store.
 38074 | Snake:2  | Found Kudizu's Book Shoppe.
 38074 | Snake:2  | Found Pugg's Distillery.
 38077 | Snake:2  | Found Qinoom's General Store.
 38079 | Snake:2  | 38079 ||| BUYING +2 plate armour of cold resistance (720
                  | gold).
 38079 | Snake:2  | Bought a +2 plate armour of cold resistance for 720 gold
                  | pieces
 38079 | Snake:2  | 38079 ||| BUYING potion of might (72 gold).
 38079 | Snake:2  | Bought a potion of might for 72 gold pieces
 38079 | Snake:2  | 38079 ||| BUYING scroll of teleportation (54 gold).
 38079 | Snake:2  | Bought a scroll of teleportation for 54 gold pieces
 38082 | Snake:2  | 38082 ||| BUYING potion of attraction (42 gold).
 38082 | Snake:2  | Bought a potion of attraction for 42 gold pieces
 38082 | Snake:2  | 38082 ||| SHOPLISTING potion of attraction (42 gold, have
                  | 39).
 38082 | Snake:2  | 38082 ||| SHOPLISTING potion of curing (42 gold, have 39).
 38376 | Snake:2  | 38376 ||| Stepping ~*~*~tactically~*~*~ (stealth).
 38378 | Snake:2  | 38378 ||| Stepping ~*~*~tactically~*~*~ (hiding).
 38381 | Snake:2  | 38381 ||| Stepping ~*~*~tactically~*~*~ (hiding).
 38628 | Snake:2  | 38628 ||| UPGRADING to +2 plate armour of cold resistance.
 38675 | Snake:3  | Found Kagrujid's Distillery.
 38678 | Snake:3  | 38678 ||| Stepping ~*~*~tactically~*~*~ (hiding).
 38680 | Snake:3  | 38680 ||| Stepping ~*~*~tactically~*~*~ (hiding).
 38698 | Snake:3  | 38698 ||| INVOKING Heroism.
 38833 | Snake:3  | 38833 ||| Stepping ~*~*~tactically~*~*~ (hiding).
 38846 | Snake:3  | 38846 ||| SHOPLISTING 2 potions of curing (102 gold, have
                  | 85).
 38846 | Snake:3  | 38846 ||| SHOPLISTING 2 potions of lignification (102 gold,
                  | have 85).
 38846 | Snake:3  | 38846 ||| BUYING potion of attraction (51 gold).
 38846 | Snake:3  | Bought a potion of attraction for 51 gold pieces
 38846 | Snake:3  | 38846 ||| SHOPLISTING potion of curing (51 gold, have 34).
 38846 | Snake:3  | 38846 ||| SHOPLISTING potion of heal wounds (85 gold, have
                  | 34).
 38846 | Snake:3  | 38846 ||| SHOPLISTING potion of lignification (51 gold,
                  | have 34).
 38846 | Snake:3  | 38846 ||| SHOPLISTING potion of might (68 gold, have 34).
 38846 | Snake:3  | 38846 ||| SHOPLISTING potion of resistance (170 gold, have
                  | 34).
 38934 | Snake:3  | 38934 ||| Stepping ~*~*~tactically~*~*~ (hiding).
 39043 | Snake:3  | 39043 ||| INVOKING Heroism.
 39065 | Snake:3  | Identified the +3 lajatang of Yeast {vorpal, *Rage rF+ rN+}
                  | (Okawaru gifted it to you on level 3 of the Snake Pit)
 39065 | Snake:3  | Received a gift from Okawaru
 39066 | Snake:3  | Reached skill level 16 in Fighting
 39082 | Snake:3  | 39082 ||| Stepping ~*~*~tactically~*~*~ (stealth).
 39118 | Snake:3  | 39118 ||| Stepping ~*~*~tactically~*~*~ (stealth).
 39119 | Snake:3  | 39119 ||| Stepping ~*~*~tactically~*~*~ (stealth).
 39215 | Snake:3  | 39215 ||| INVOKING Heroism.
 39250 | Snake:3  | 39250 ||| READING scroll of brand weapon.
 39250 | Snake:3  | 39250 ||| BRANDING +1 broad axe of draining.
 39276 | Snake:3  | Found Ybot's Distillery.
 39284 | Snake:3  | 39284 ||| BUYING potion of attraction (30 gold).
 39284 | Snake:3  | Bought a potion of attraction for 30 gold pieces
 39284 | Snake:3  | 39284 ||| SHOPLISTING potion of curing (30 gold, have 4).
 39284 | Snake:3  | 39284 ||| SHOPLISTING potion of lignification (30 gold,
                  | have 4).
 39350 | Snake:3  | Found Niank's Jewellery Shoppe.
 39878 | Snake:3  | Found Ciyxke Catu's Weapon Shop.
 40005 | Snake:3  | 40005 ||| READING scroll of enchant armour.
 40005 | Snake:3  | 40005 ||| ENCHANTING +2 plate armour of cold resistance.
 40258 | Snake:3  | 40258 ||| PLANNING SWAMP:4
 40387 | Swamp:4  | Entered Level 4 of the Swamp
 40393 | Swamp:4  | 40393 ||| STAIRDANCE
 40687 | Swamp:4  | 40687 ||| STAIRDANCE
 40769 | Swamp:4  | 40769 ||| STAIRDANCE
 40961 | Swamp:4  | 40961 ||| INVOKING Heroism.
 40966 | Swamp:4  | 40966 ||| INVOKING Finesse.
 41029 | Swamp:4  | Received a gift from Okawaru
 41033 | Swamp:4  | 41033 ||| INVOKING Heroism.
 41100 | Swamp:4  | Reached skill level 17 in Fighting
 41162 | Swamp:4  | Got a decaying rune of Zot
 41185 | Swamp:4  | Noticed a tentacled monstrosity
 41186 | Swamp:4  | 41186 ||| INVOKING Heroism.
 41187 | Swamp:4  | 41187 ||| INVOKING Finesse.
 41192 | Swamp:4  | Killed a tentacled monstrosity
 41229 | Swamp:4  | Noticed Roxanne
 41232 | Swamp:4  | 41232 ||| INVOKING Heroism.
 41233 | Swamp:4  | 41233 ||| INVOKING Finesse.
 41259 | Swamp:4  | Killed Roxanne
 41343 | Swamp:4  | 41343 ||| INVOKING Heroism.
 41498 | Swamp:4  | 41498 ||| READING scroll of acquirement.
 41498 | Swamp:4  | 41498 ||| ACQUIRING +7 pearl dragon scales of Mifowalo {rC+
                  | rN+ Str-5 Dex+3}
 41498 | Swamp:4  | Acquired the +7 pearl dragon scales of Mifowalo {rC+ rN+
                  | Str-5 Dex+3}
 41500 | Swamp:4  | 41500 ||| DROPPING +3 plate armour of Boddoag {rElec Dex-4
                  | Slay+3}.
 41785 | Swamp:4  | 41785 ||| Stepping ~*~*~tactically~*~*~ (hiding).
 41787 | Swamp:4  | 41787 ||| Stepping ~*~*~tactically~*~*~ (hiding).
 41789 | Swamp:4  | 41789 ||| Stepping ~*~*~tactically~*~*~ (hiding).
 41790 | Swamp:4  | 41790 ||| Stepping ~*~*~tactically~*~*~ (hiding).
 41792 | Swamp:4  | 41792 ||| INVOKING Heroism.
 41807 | Swamp:4  | Received a gift from Okawaru
 41827 | Swamp:4  | Identified the +8 broad axe "Sohyarenile" {flame, Int+4}
 41943 | Swamp:4  | 41943 ||| PLANNING VAULTS:1-4
 41943 | Swamp:4  | 41943 ||| UPGRADING to +7 pearl dragon scales of Mifowalo
                  | {rC+ rN+ Str-5 Dex+3}.
 41953 | Swamp:4  | 41953 ||| DROPPING +3 plate armour of cold resistance.
 42136 | Vaults:1 | Entered Level 1 of the Vaults
 42160 | Vaults:1 | 42160 ||| Stepping ~*~*~tactically~*~*~ (hiding).
 42162 | Vaults:1 | 42162 ||| Stepping ~*~*~tactically~*~*~ (hiding).
 42165 | Vaults:1 | 42165 ||| INVOKING Heroism.
 42174 | Vaults:1 | 42174 ||| Stepping ~*~*~tactically~*~*~ (hiding).
 42324 | Vaults:1 | 42324 ||| INVOKING Heroism.
 42328 | Vaults:1 | 42328 ||| Stepping ~*~*~tactically~*~*~ (stealth).
 42329 | Vaults:1 | 42329 ||| Stepping ~*~*~tactically~*~*~ (stealth).
 42344 | Vaults:1 | 42344 ||| Stepping ~*~*~tactically~*~*~ (stealth).
 42411 | Vaults:1 | Reached XP level 19. HP: 140/140 MP: 26/26
 42631 | Vaults:1 | Noticed Asterion
 42632 | Vaults:1 | 42632 ||| Stepping ~*~*~tactically~*~*~ (hiding).
 42634 | Vaults:1 | 42634 ||| INVOKING Heroism.
 42635 | Vaults:1 | 42635 ||| INVOKING Finesse.
 42650 | Vaults:1 | Killed Asterion
 42780 | Vaults:1 | 42780 ||| INVOKING Heroism.
 42787 | Vaults:1 | Reached skill level 6 in Dodging
 42882 | Vaults:1 | 42882 ||| Stepping ~*~*~tactically~*~*~ (hiding).
 42883 | Vaults:1 | 42883 ||| Stepping ~*~*~tactically~*~*~ (hiding).
 42889 | Vaults:1 | 42889 ||| INVOKING Heroism.
 42890 | Vaults:1 | 42890 ||| Stepping ~*~*~tactically~*~*~ (hiding).
 42909 | Vaults:1 | Received a gift from Okawaru
 42984 | Vaults:1 | 42984 ||| READING 3 scrolls of teleportation.
 42994 | Vaults:1 | 42994 ||| Stepping ~*~*~tactically~*~*~ (hiding).
 42995 | Vaults:1 | 42995 ||| Stepping ~*~*~tactically~*~*~ (hiding).
 43013 | Vaults:1 | 43013 ||| Stepping ~*~*~tactically~*~*~ (hiding).
 43014 | Vaults:1 | 43014 ||| INVOKING Finesse.
 43039 | Vaults:1 | Identified the +9 war axe of the Maze {vorpal, rElec rF+}
                  | (Okawaru gifted it to you on level 1 of the Vaults)
 43039 | Vaults:1 | Received a gift from Okawaru
 43104 | Vaults:1 | 43104 ||| INVOKING Heroism.
 43154 | Vaults:1 | 43154 ||| INVOKING Finesse.
 43167 | Vaults:1 | 43167 ||| Stepping ~*~*~tactically~*~*~ (hiding).
 43168 | Vaults:1 | 43168 ||| Stepping ~*~*~tactically~*~*~ (hiding).
 43169 | Vaults:1 | 43169 ||| Stepping ~*~*~tactically~*~*~ (hiding).
 43392 | Vaults:1 | 43392 ||| INVOKING Heroism.
 43450 | Vaults:1 | 43450 ||| Stepping ~*~*~tactically~*~*~ (hiding).
 43452 | Vaults:1 | 43452 ||| INVOKING Heroism.
 43453 | Vaults:1 | 43453 ||| INVOKING Finesse.
 43593 | Vaults:1 | 43593 ||| Stepping ~*~*~tactically~*~*~ (stealth).
 43595 | Vaults:1 | 43595 ||| Stepping ~*~*~tactically~*~*~ (stealth).
 43597 | Vaults:1 | 43597 ||| INVOKING Heroism.
 43707 | Vaults:1 | 43707 ||| INVOKING Heroism.
 43731 | Vaults:1 | Received a gift from Okawaru
 43810 | Vaults:1 | 43810 ||| DRINKING 18 potions of curing.
 43810 | Vaults:1 | 43810 ||| (to cure confusion)
 43810 | Vaults:1 | Paralysed by a great orb of eyes for 5 turns
 43824 | Vaults:1 | Paralysed by a great orb of eyes for 4 turns
 43930 | Vaults:1 | 43930 ||| Stepping ~*~*~tactically~*~*~ (hiding).
 43933 | Vaults:1 | 43933 ||| Stepping ~*~*~tactically~*~*~ (stealth).
 43953 | Vaults:1 | 43953 ||| Stepping ~*~*~tactically~*~*~ (hiding).
 44042 | Vaults:1 | 44042 ||| INVOKING Heroism.
 44047 | Vaults:1 | Received a gift from Okawaru
 44067 | Vaults:1 | Reached skill level 18 in Fighting
 44370 | Vaults:1 | Received a gift from Okawaru
 44485 | Vaults:2 | 44485 ||| INVOKING Heroism.
 44498 | Vaults:2 | Received a gift from Okawaru
 44505 | Vaults:2 | Reached skill level 15 in Armour
 44535 | Vaults:2 | Received a gift from Okawaru
 44636 | Vaults:2 | 44636 ||| INVOKING Heroism.
 44705 | Vaults:2 | 44705 ||| FLEEEEING.
 44824 | Vaults:2 | 44824 ||| Stepping ~*~*~tactically~*~*~ (hiding).
 44841 | Vaults:2 | 44841 ||| INVOKING Heroism.
 44848 | Abyss:3  | Cast into level 3 of the Abyss (a wizard)
 44930 | Abyss:3  | 44930 ||| Stepping ~*~*~tactically~*~*~ (stealth).
 44945 | Abyss:3  | 44945 ||| Stepping ~*~*~tactically~*~*~ (stealth).
 44946 | Abyss:3  | 44946 ||| Stepping ~*~*~tactically~*~*~ (stealth).
 44947 | Abyss:3  | 44947 ||| Stepping ~*~*~tactically~*~*~ (hiding).
 44952 | Abyss:3  | 44952 ||| INVOKING Heroism.
 44971 | Abyss:3  | Reached XP level 20. HP: 147/150 MP: 27/27
 44976 | Abyss:3  | 44976 ||| Stepping ~*~*~tactically~*~*~ (stealth).
 44982 | Abyss:3  | 44982 ||| Stepping ~*~*~tactically~*~*~ (stealth).
 44985 | Abyss:3  | Found a corrupted altar of Lugonu.
 45064 | Abyss:3  | 45064 ||| Stepping ~*~*~tactically~*~*~ (stealth).
 45100 | Abyss:3  | 45100 ||| Stepping ~*~*~tactically~*~*~ (stealth).
 45104 | Abyss:3  | 45104 ||| Stepping ~*~*~tactically~*~*~ (stealth).
 45107 | Abyss:3  | 45107 ||| Stepping ~*~*~tactically~*~*~ (stealth).
 45127 | Abyss:3  | 45127 ||| INVOKING Heroism.
 45127 | Abyss:3  | Gained mutation: You occasionally shout uncontrollably at
                  | your foes. [a neqoxec]
 45130 | Abyss:3  | Paralysed by accursed screaming for 1 turns
 45156 | Abyss:3  | HP: 37/150 [tentacled starspawn (14)]
 45157 | Abyss:3  | 45157 ||| READING 4 scrolls of teleportation.
 45158 | Abyss:3  | 45158 ||| DRINKING 7 potions of heal wounds.
 45245 | Abyss:3  | 45245 ||| Stepping ~*~*~tactically~*~*~ (stealth).
 45249 | Abyss:3  | 45249 ||| Stepping ~*~*~tactically~*~*~ (stealth).
 45251 | Abyss:3  | 45251 ||| INVOKING Heroism.
 45252 | Abyss:3  | 45252 ||| Stepping ~*~*~tactically~*~*~ (stealth).
 45273 | Abyss:3  | 45273 ||| INVOKING Heroism.
 45295 | Abyss:3  | 45295 ||| Stepping ~*~*~tactically~*~*~ (stealth).
 45296 | Abyss:3  | 45296 ||| Stepping ~*~*~tactically~*~*~ (stealth).
 45297 | Abyss:3  | 45297 ||| Stepping ~*~*~tactically~*~*~ (stealth).
 45298 | Abyss:3  | 45298 ||| Stepping ~*~*~tactically~*~*~ (stealth).
 45334 | Abyss:3  | 45334 ||| Stepping ~*~*~tactically~*~*~ (stealth).
 45339 | Abyss:3  | 45339 ||| Stepping ~*~*~tactically~*~*~ (stealth).
 45346 | Abyss:3  | 45346 ||| Stepping ~*~*~tactically~*~*~ (stealth).
 45347 | Abyss:3  | 45347 ||| Stepping ~*~*~tactically~*~*~ (stealth).
 45405 | Abyss:3  | 45405 ||| Stepping ~*~*~tactically~*~*~ (stealth).
 45410 | Abyss:3  | 45410 ||| Stepping ~*~*~tactically~*~*~ (stealth).
 45420 | Abyss:3  | 45420 ||| Stepping ~*~*~tactically~*~*~ (stealth).
 45422 | Abyss:3  | 45422 ||| Stepping ~*~*~tactically~*~*~ (hiding).
 45423 | Abyss:3  | 45423 ||| Stepping ~*~*~tactically~*~*~ (hiding).
 45425 | Abyss:3  | 45425 ||| Stepping ~*~*~tactically~*~*~ (hiding).
 45452 | Abyss:3  | 45452 ||| Stepping ~*~*~tactically~*~*~ (stealth).
 45453 | Abyss:3  | 45453 ||| Stepping ~*~*~tactically~*~*~ (hiding).
 45454 | Abyss:3  | 45454 ||| Stepping ~*~*~tactically~*~*~ (hiding).
 45457 | Abyss:3  | 45457 ||| Stepping ~*~*~tactically~*~*~ (hiding).
 45496 | Abyss:3  | Reached skill level 19 in Fighting
 45583 | Abyss:3  | 45583 ||| INVOKING Heroism.
 45593 | Vaults:2 | Escaped the Abyss
 45638 | Vaults:2 | 45638 ||| INVOKING Heroism.
 45890 | Vaults:2 | 45890 ||| Stepping ~*~*~tactically~*~*~ (hiding).
 45904 | Vaults:2 | 45904 ||| Stepping ~*~*~tactically~*~*~ (hiding).
 45906 | Vaults:2 | 45906 ||| Stepping ~*~*~tactically~*~*~ (hiding).
 45918 | Vaults:2 | 45918 ||| Stepping ~*~*~tactically~*~*~ (hiding).
 45924 | Vaults:2 | 45924 ||| INVOKING Heroism.
 45953 | Vaults:2 | Received a gift from Okawaru
 45959 | Vaults:2 | 45959 ||| Stepping ~*~*~tactically~*~*~ (stealth).
 45971 | Vaults:2 | 45971 ||| INVOKING Heroism.
 45974 | Vaults:2 | 45974 ||| Stepping ~*~*~tactically~*~*~ (hiding).
 46007 | Vaults:2 | 46007 ||| INVOKING Heroism.
 46059 | Vaults:2 | 46059 ||| DROPPING +2 vorpal broad axe.
 46226 | Vaults:2 | 46226 ||| Stepping ~*~*~tactically~*~*~ (hiding).
 46228 | Vaults:2 | 46228 ||| Stepping ~*~*~tactically~*~*~ (hiding).
 46231 | Vaults:2 | Paralysed by a great orb of eyes for 3 turns
 46315 | Vaults:2 | 46315 ||| Stepping ~*~*~tactically~*~*~ (hiding).
 46316 | Vaults:2 | 46316 ||| Stepping ~*~*~tactically~*~*~ (hiding).
 46462 | Vaults:2 | Found a staircase to the Crypt.
 46649 | Vaults:2 | Identified the +1 scale mail of Pride {rF+} (Okawaru gifted
                  | it to you on level 2 of the Vaults)
 46649 | Vaults:2 | Received a gift from Okawaru
 46816 | Vaults:2 | 46816 ||| Stepping ~*~*~tactically~*~*~ (hiding).
 46821 | Vaults:2 | 46821 ||| Stepping ~*~*~tactically~*~*~ (hiding).
 46865 | Vaults:2 | 46865 ||| Stepping ~*~*~tactically~*~*~ (stealth).
 46871 | Vaults:2 | 46871 ||| Stepping ~*~*~tactically~*~*~ (stealth).
 46875 | Vaults:2 | 46875 ||| INVOKING Finesse.
 46889 | Vaults:2 | 46889 ||| Stepping ~*~*~tactically~*~*~ (stealth).
 46890 | Vaults:2 | 46890 ||| Stepping ~*~*~tactically~*~*~ (stealth).
 46893 | Vaults:2 | 46893 ||| INVOKING Heroism.
 46970 | Vaults:2 | 46970 ||| INVOKING Heroism.
 47139 | Vaults:2 | 47139 ||| Stepping ~*~*~tactically~*~*~ (stealth).
 47286 | Vaults:3 | Noticed Nikola
 47300 | Vaults:3 | 47300 ||| INVOKING Heroism.
 47303 | Vaults:3 | Killed Nikola
 47309 | Vaults:3 | 47309 ||| Stepping ~*~*~tactically~*~*~ (hiding).
 47544 | Vaults:3 | 47544 ||| INVOKING Heroism.
 47815 | Vaults:3 | 47815 ||| Stepping ~*~*~tactically~*~*~ (stealth).
 47875 | Vaults:3 | 47875 ||| Stepping ~*~*~tactically~*~*~ (stealth).
 47877 | Vaults:3 | 47877 ||| Stepping ~*~*~tactically~*~*~ (stealth).
 47879 | Vaults:3 | 47879 ||| INVOKING Finesse.
 47896 | Vaults:3 | 47896 ||| Stepping ~*~*~tactically~*~*~ (stealth).
 47938 | Vaults:3 | 47938 ||| INVOKING Heroism.
 47939 | Vaults:3 | 47939 ||| Stepping ~*~*~tactically~*~*~ (hiding).
 47940 | Vaults:3 | 47940 ||| Stepping ~*~*~tactically~*~*~ (hiding).
 47964 | Vaults:3 | Reached XP level 21. HP: 118/159 MP: 28/28
 48112 | Vaults:3 | Reached skill level 20 in Fighting
 48122 | Vaults:3 | 48122 ||| FLEEEEING.
 48191 | Vaults:3 | 48191 ||| INVOKING Heroism.
 48355 | Vaults:3 | 48355 ||| FLEEEEING.
 48356 | Vaults:3 | 48356 ||| FLEEEEING.
 48357 | Vaults:3 | 48357 ||| FLEEEEING.
 48359 | Vaults:3 | 48359 ||| STAIRDANCE
 48569 | Vaults:3 | 48569 ||| Stepping ~*~*~tactically~*~*~ (stealth).
 48571 | Vaults:3 | 48571 ||| Stepping ~*~*~tactically~*~*~ (hiding).
 48573 | Vaults:3 | 48573 ||| Stepping ~*~*~tactically~*~*~ (hiding).
 48694 | Vaults:3 | 48694 ||| Stepping ~*~*~tactically~*~*~ (stealth).
 48696 | Vaults:3 | 48696 ||| FLEEEEING.
 48699 | Vaults:3 | 48699 ||| FLEEEEING.
 48700 | Vaults:3 | 48700 ||| FLEEEEING.
 48701 | Vaults:3 | 48701 ||| FLEEEEING.
 48704 | Vaults:3 | 48704 ||| FLEEEEING.
 48705 | Vaults:3 | 48705 ||| FLEEEEING.
 48706 | Vaults:3 | 48706 ||| FLEEEEING.
 48707 | Vaults:3 | 48707 ||| FLEEEEING.
 48708 | Vaults:3 | 48708 ||| FLEEEEING.
 48709 | Vaults:3 | 48709 ||| FLEEEEING.
 48710 | Vaults:3 | 48710 ||| FLEEEEING.
 48711 | Vaults:3 | 48711 ||| FLEEEEING.
 48712 | Vaults:3 | 48712 ||| FLEEEEING.
 48713 | Vaults:3 | 48713 ||| FLEEEEING.
 48714 | Vaults:3 | 48714 ||| FLEEEEING.
 48715 | Vaults:3 | 48715 ||| FLEEEEING.
 48716 | Vaults:3 | 48716 ||| FLEEEEING.
 48717 | Vaults:3 | 48717 ||| STAIRDANCE
 48771 | Vaults:3 | 48771 ||| STAIRDANCE
 48829 | Vaults:3 | 48829 ||| Stepping ~*~*~tactically~*~*~ (stealth).
 48830 | Vaults:3 | 48830 ||| Stepping ~*~*~tactically~*~*~ (stealth).
 48831 | Vaults:3 | 48831 ||| Stepping ~*~*~tactically~*~*~ (stealth).
 48835 | Vaults:3 | 48835 ||| Stepping ~*~*~tactically~*~*~ (stealth).
 48836 | Vaults:3 | 48836 ||| Stepping ~*~*~tactically~*~*~ (stealth).
 48837 | Vaults:3 | 48837 ||| Stepping ~*~*~tactically~*~*~ (stealth).
 48912 | Vaults:3 | 48912 ||| READING 3 scrolls of teleportation.
 49052 | Abyss:3  | Found a corrupted altar of Lugonu.
 49052 | Abyss:3  | Cast into level 3 of the Abyss (a wizard)
 49060 | Abyss:3  | 49060 ||| Stepping ~*~*~tactically~*~*~ (stealth).
 49081 | Abyss:3  | 49081 ||| INVOKING Heroism.
 49102 | Abyss:3  | Noticed a bone dragon
 49146 | Abyss:3  | 49146 ||| Stepping ~*~*~tactically~*~*~ (hiding).
 49166 | Abyss:3  | 49166 ||| INVOKING Heroism.
 49183 | Abyss:3  | 49183 ||| Stepping randomly (disturbance).
 49209 | Abyss:3  | Noticed a bone dragon
 49235 | Abyss:3  | Killed a bone dragon
 49264 | Abyss:3  | 49264 ||| Stepping ~*~*~tactically~*~*~ (stealth).
 49265 | Abyss:3  | 49265 ||| Stepping ~*~*~tactically~*~*~ (stealth).
 49266 | Abyss:3  | 49266 ||| Stepping ~*~*~tactically~*~*~ (stealth).
 49299 | Abyss:3  | 49299 ||| Stepping ~*~*~tactically~*~*~ (stealth).
 49300 | Abyss:3  | 49300 ||| INVOKING Heroism.
 49308 | Abyss:3  | 49308 ||| INVOKING Finesse.
 49313 | Abyss:3  | 49313 ||| Stepping ~*~*~tactically~*~*~ (hiding).
 49316 | Abyss:3  | 49316 ||| Stepping ~*~*~tactically~*~*~ (hiding).
 49317 | Abyss:3  | 49317 ||| Stepping ~*~*~tactically~*~*~ (stealth).
 49319 | Abyss:3  | 49319 ||| Stepping ~*~*~tactically~*~*~ (stealth).
 49338 | Abyss:3  | 49338 ||| Stepping ~*~*~tactically~*~*~ (stealth).
 49350 | Abyss:3  | 49350 ||| Stepping ~*~*~tactically~*~*~ (stealth).
 49352 | Abyss:3  | 49352 ||| Stepping ~*~*~tactically~*~*~ (hiding).
 49393 | Abyss:3  | 49393 ||| Stepping ~*~*~tactically~*~*~ (stealth).
 49394 | Abyss:3  | 49394 ||| Stepping ~*~*~tactically~*~*~ (stealth).
 49395 | Abyss:3  | 49395 ||| Stepping ~*~*~tactically~*~*~ (stealth).
 49433 | Abyss:3  | 49433 ||| Stepping ~*~*~tactically~*~*~ (hiding).
 49466 | Abyss:3  | 49466 ||| Stepping ~*~*~tactically~*~*~ (stealth).
 49467 | Abyss:3  | 49467 ||| Stepping ~*~*~tactically~*~*~ (stealth).
 49469 | Abyss:3  | 49469 ||| Stepping ~*~*~tactically~*~*~ (stealth).
 49476 | Abyss:3  | 49476 ||| Stepping ~*~*~tactically~*~*~ (stealth).
 49496 | Abyss:3  | 49496 ||| Stepping ~*~*~tactically~*~*~ (stealth).
 49509 | Abyss:3  | 49509 ||| INVOKING Heroism.
 49510 | Abyss:3  | Received a gift from Okawaru
 49513 | Abyss:3  | 49513 ||| Stepping ~*~*~tactically~*~*~ (hiding).
 49547 | Abyss:3  | 49547 ||| Stepping ~*~*~tactically~*~*~ (stealth).
 49554 | Abyss:3  | 49554 ||| Stepping ~*~*~tactically~*~*~ (hiding).
 49558 | Abyss:3  | 49558 ||| Stepping ~*~*~tactically~*~*~ (hiding).
 49559 | Abyss:3  | 49559 ||| Stepping ~*~*~tactically~*~*~ (hiding).
 49560 | Abyss:3  | 49560 ||| INVOKING Heroism.
 49560 | Abyss:3  | Paralysed by accursed screaming for 1 turns
 49587 | Abyss:3  | HP: 34/160 [smoke demon/divine providence (14)]
 49588 | Abyss:3  | 49588 ||| READING 2 scrolls of teleportation.
 49588 | Abyss:3  | HP: 12/160 [starcursed mass/accursed screaming (9)]
 49588 | Abyss:3  | HP: 1/160 [daeva/divine providence (11)]
 49589 | Abyss:3  | 49589 ||| DRINKING 6 potions of heal wounds.
 49590 | Abyss:3  | 49590 ||| DRINKING 5 potions of heal wounds.
 49593 | Abyss:3  | HP: 34/160 [starcursed mass/accursed screaming (8)]
 49594 | Abyss:3  | 49594 ||| DRINKING 4 potions of heal wounds.
 49601 | Abyss:3  | Found a corrupted altar of Lugonu.
 49624 | Abyss:3  | 49624 ||| INVOKING Heroism.
 49637 | Abyss:3  | 49637 ||| Stepping ~*~*~tactically~*~*~ (stealth).
 49640 | Abyss:3  | 49640 ||| Stepping ~*~*~tactically~*~*~ (stealth).
 49641 | Abyss:3  | 49641 ||| Stepping ~*~*~tactically~*~*~ (stealth).
 49642 | Abyss:3  | 49642 ||| Stepping ~*~*~tactically~*~*~ (hiding).
 49643 | Abyss:3  | 49643 ||| Stepping ~*~*~tactically~*~*~ (hiding).
 49645 | Abyss:3  | 49645 ||| Stepping ~*~*~tactically~*~*~ (hiding).
 49662 | Vaults:3 | Escaped the Abyss
 49677 | Vaults:3 | 49677 ||| Stepping ~*~*~tactically~*~*~ (hiding).
 49764 | Vaults:3 | 49764 ||| Stepping ~*~*~tactically~*~*~ (stealth).
 49768 | Vaults:3 | 49768 ||| INVOKING Heroism.
 49780 | Vaults:3 | 49780 ||| Stepping ~*~*~tactically~*~*~ (stealth).
 49810 | Vaults:3 | 49810 ||| Stepping ~*~*~tactically~*~*~ (stealth).
 49874 | Vaults:3 | 49874 ||| INVOKING Heroism.
 49878 | Vaults:3 | Noticed Frederick
 49879 | Vaults:3 | 49879 ||| INVOKING Finesse.
 49905 | Vaults:3 | Killed Frederick
 50094 | Vaults:4 | 50094 ||| STAIRDANCE
 50106 | Vaults:4 | 50106 ||| STAIRDANCE
 50156 | Vaults:4 | Identified the +3 buckler of Yesterday {*Corrode Str+5}
 50171 | Vaults:4 | Reached skill level 9 in Dodging
 50201 | Vaults:4 | 50201 ||| Stepping ~*~*~tactically~*~*~ (hiding).
 50248 | Vaults:4 | 50248 ||| Stepping ~*~*~tactically~*~*~ (hiding).
 50253 | Vaults:4 | 50253 ||| INVOKING Heroism.
 50270 | Vaults:4 | 50270 ||| INVOKING Heroism.
 50445 | Vaults:4 | 50445 ||| Stepping ~*~*~tactically~*~*~ (hiding).
 50449 | Vaults:4 | 50449 ||| Stepping ~*~*~tactically~*~*~ (hiding).
 50450 | Vaults:4 | 50450 ||| Stepping ~*~*~tactically~*~*~ (hiding).
 50478 | Vaults:4 | 50478 ||| FLEEEEING.
 50479 | Vaults:4 | 50479 ||| FLEEEEING.
 50485 | Vaults:4 | 50485 ||| FLEEEEING.
 50486 | Vaults:4 | 50486 ||| FLEEEEING.
 50492 | Vaults:4 | 50492 ||| FLEEEEING.
 50499 | Vaults:4 | 50499 ||| INVOKING Heroism.
 50520 | Vaults:4 | 50520 ||| Stepping ~*~*~tactically~*~*~ (hiding).
 50522 | Vaults:4 | 50522 ||| Stepping ~*~*~tactically~*~*~ (hiding).
 50540 | Vaults:4 | 50540 ||| Stepping ~*~*~tactically~*~*~ (hiding).
 50752 | Vaults:4 | Noticed Zenata
 50754 | Vaults:4 | 50754 ||| INVOKING Heroism.
 50755 | Vaults:4 | 50755 ||| INVOKING Finesse.
 50769 | Vaults:4 | Killed Zenata
 50849 | Vaults:4 | 50849 ||| Stepping ~*~*~tactically~*~*~ (hiding).
 50850 | Vaults:4 | 50850 ||| Stepping ~*~*~tactically~*~*~ (hiding).
 50852 | Vaults:4 | 50852 ||| INVOKING Heroism.
 50853 | Vaults:4 | 50853 ||| INVOKING Finesse.
 50860 | Vaults:4 | 50860 ||| Stepping ~*~*~tactically~*~*~ (hiding).
 50893 | Vaults:4 | Identified the +6 scale mail of Xuots {-Cast rC++} (Okawaru
                  | gifted it to you on level 4 of the Vaults)
 50893 | Vaults:4 | Received a gift from Okawaru
 50949 | Vaults:4 | 50949 ||| FLEEEEING.
 50952 | Vaults:4 | 50952 ||| FLEEEEING.
 50953 | Vaults:4 | 50953 ||| FLEEEEING.
 50954 | Vaults:4 | 50954 ||| FLEEEEING.
 50956 | Vaults:4 | 50956 ||| FLEEEEING.
 50957 | Vaults:4 | 50957 ||| FLEEEEING.
 50958 | Vaults:4 | 50958 ||| FLEEEEING.
 50959 | Vaults:4 | 50959 ||| FLEEEEING.
 50960 | Vaults:4 | 50960 ||| FLEEEEING.
 50961 | Vaults:4 | 50961 ||| FLEEEEING.
 50962 | Vaults:4 | 50962 ||| FLEEEEING.
 50963 | Vaults:4 | 50963 ||| FLEEEEING.
 50964 | Vaults:4 | 50964 ||| FLEEEEING.
 50965 | Vaults:4 | 50965 ||| FLEEEEING.
 50966 | Vaults:4 | 50966 ||| FLEEEEING.
 50967 | Vaults:4 | 50967 ||| FLEEEEING.
 50970 | Vaults:4 | Reached skill level 21 in Fighting
 51128 | Vaults:4 | Paralysed by a great orb of eyes for 5 turns
 51263 | Vaults:4 | 51263 ||| Stepping ~*~*~tactically~*~*~ (hiding).
 51269 | Vaults:4 | 51269 ||| Stepping ~*~*~tactically~*~*~ (hiding).
 51274 | Vaults:4 | 51274 ||| INVOKING Heroism.
 51283 | Vaults:4 | Reached skill level 18 in Shields
 51319 | Vaults:4 | 51319 ||| INVOKING Heroism.
 51473 | Vaults:4 | Identified the +2 cloak "Gutuw" {rElec Int+3}
 51668 | Vaults:4 | 51668 ||| Stepping ~*~*~tactically~*~*~ (hiding).
 51669 | Vaults:4 | 51669 ||| Stepping ~*~*~tactically~*~*~ (hiding).
 51941 | Vaults:4 | 51941 ||| PLANNING SNAKE:4
 51941 | Vaults:4 | 51941 ||| DROPPING +2 cloak "Gutuw" {rElec Int+3}.
 51942 | Vaults:4 | 51942 ||| DROPPING scarf of shadows.
 52257 | Snake:4  | Entered Level 4 of the Snake Pit
 52300 | Snake:4  | 52300 ||| INVOKING Heroism.
 52323 | Snake:4  | Reached XP level 22. HP: 170/170 MP: 29/29
 52476 | Snake:4  | 52476 ||| Stepping ~*~*~tactically~*~*~ (hiding).
 52483 | Snake:4  | 52483 ||| INVOKING Heroism.
 52496 | Snake:4  | 52496 ||| Stepping ~*~*~tactically~*~*~ (hiding).
 52506 | Snake:4  | 52506 ||| Stepping ~*~*~tactically~*~*~ (hiding).
 52513 | Snake:4  | 52513 ||| Stepping ~*~*~tactically~*~*~ (hiding).
 52535 | Snake:4  | Reached skill level 12 in Throwing
 52615 | Snake:4  | 52615 ||| Stepping ~*~*~tactically~*~*~ (stealth).
 52624 | Snake:4  | 52624 ||| Stepping ~*~*~tactically~*~*~ (stealth).
 52630 | Snake:4  | 52630 ||| Stepping ~*~*~tactically~*~*~ (stealth).
 52632 | Snake:4  | 52632 ||| Stepping ~*~*~tactically~*~*~ (hiding).
 52633 | Snake:4  | 52633 ||| Stepping ~*~*~tactically~*~*~ (hiding).
 52634 | Snake:4  | 52634 ||| Stepping ~*~*~tactically~*~*~ (stealth).
 52635 | Snake:4  | 52635 ||| Stepping ~*~*~tactically~*~*~ (hiding).
 52636 | Snake:4  | 52636 ||| Stepping ~*~*~tactically~*~*~ (hiding).
 52639 | Snake:4  | 52639 ||| Stepping ~*~*~tactically~*~*~ (stealth).
 52646 | Snake:4  | 52646 ||| INVOKING Heroism.
 52696 | Snake:4  | 52696 ||| INVOKING Heroism.
 52712 | Snake:4  | HP: 24/170 [naga warrior/+0 halberd (25)]
 52713 | Snake:4  | 52713 ||| DRINKING 3 potions of heal wounds.
 52714 | Snake:4  | 52714 ||| DRINKING 2 potions of heal wounds.
 52732 | Snake:4  | 52732 ||| INVOKING Heroism.
 52732 | Snake:4  | HP: 34/170 [nagaraja/+0 vampiric spear (29)]
 52733 | Snake:4  | 52733 ||| DRINKING potion of heal wounds.
 52741 | Snake:4  | HP: 40/170 [nagaraja/+0 vampiric spear (16)]
 52741 | Snake:4  | HP: 9/170 [naga warrior/+0 battleaxe (31)]
 52743 | Snake:4  | Slain by a naga warrior

Levels and vault maps discovered:
D:1:      spicycebolla_green_bress_n_ham, layout_basic
D:2:      layout_loops_cross, basic_altar, uniq_terence
D:3:      layout_basic, gup_sewer_entry_pipe,
          shapermc_ecumenical_altar_starsandcircs, corexii_corridor_pit,
          grunt_decor_fettered
D:4:      layout_rooms, minmay_temple_entry_waves, uniq_pikel
D:5:      lemuel_ice_spiral_2, layout_basic, uniq_blork_the_orc
D:6:      layout_basic, serial_corexii_hall, corexii_hall_statues_l,
          corexii_hall_statues_u, chequers_hall_statues_wall_a,
          corexii_hall_statues_s, corexii_hall_statues_x,
          chequers_hall_statues_y, serial_shops, nicolae_shop_behind_doors,
          hangedman_abyss_or_decor_stagger
D:7:      lemuel_ratsnest, layout_basic, kennysheep_nub
D:8:      layout_rooms, nicolae_gozag_cash_rules_everything_around_me,
          nicolae_uskayaw_suspiria
D:9:      wad_lake_hut, layout_basic, grunt_lair_entry_orc_guard_hut, uniq_erica
D:10:     nicolae_cairo_tiling_large, layout_small_grid, uniq_erolcha
D:11:     layout_long_grid, minmay_pinched_square, uniq_grum
D:12:     layout_irregular_city, trove_entry_hex_spiral, serial_shops,
          kennysheep_mini_moat
D:13:     layout_layer_cave, erik_vaults_1, gauntlet_entry_generic,
          serial_demonic, serial_demonic_a, serial_demonic_f, serial_demonic_e,
          serial_demonic_e
D:14:     layout_loops_cross, hangedman_abyss_or_decor_stabs,
          kennysheep_generic_room_8
D:15:     hangedman_depths_entry_try_elsewhere_first, layout_loops_ring,
          kennysheep_doodads
Temple:   mainiacjoe_temple_cubbyholes
Lair:1:   layout_misc_corridors, lemuel_fruit_fields
Lair:2:   layout_roguey, minmay_swamp_entry_reptiles,
          minmay_snake_entry_guardpost_medium, grunt_megastairs_3,
          serial_bayou_shore_b
Lair:3:   layout_regular_city, serial_bayou_pond_e, wad_woods_03
Lair:4:   layout_cave_pods, beast_lair_carwin_3, grunt_megastairs_1,
          lemuel_fruit_tree
Lair:5:   minmay_lair_end_enchanted_forest, layout_regular_city, slime_entry_1
Swamp:1:  layout_basic_swamp, ebering_ghost_xom, serial_swamp_ruin,
          evilmike_swamp_ruin_house_1, evilmike_swamp_ruin_rubble_2,
          evilmike_swamp_ruin_house_5, swamp_pool2, hangedman_swamp_ravenous
Swamp:2:  layout_falls_marsh, evilmike_swamp_ruin_house_3, swamp_pool1
Swamp:3:  nzn_winding_woodlands_three_and_one
          [nzn_winding_woodlands_5x15_garden,
          nzn_winding_woodlands_5x15_river_crossing,
          nzn_winding_woodlands_5x15_crooked,
          nzn_winding_woodlands_center_diamonds], layout_basic_swamp,
          evilmike_swamp_ruin_house_4, uniq_bai_suzhen, uniq_mara, uniq_kirke
Swamp:4:  swamp, layout_basic_swamp, swamp_pool3, uniq_roxanne
Snake:1:  layout_layer_cave, nicolae_triple_integral, serial_bayou_shore_a,
          uniq_aizul, uniq_josephine, uniq_jorgrun
Snake:2:  layout_layer_cave, serial_shops, nicolae_shop_waterfront,
          minmay_shoptagon, grunt_megastairs_2
Snake:3:  layout_chambers, serial_shops, shop,
          nicolae_shop_bloodbath_and_beyond, nicolae_shop_statue_plus,
          nicolae_shop_waterfront
Snake:4:  snake_pit, layout_rooms, nicolae_snake_salamander_jacuzzi
Orc:1:    layout_diamond_mine, gammafunk_ghost_grave, uniq_harold
Orc:2:    pf_orc_diabolical, layout_diamond_mine
Vaults:1: ontoclasm_vaults_chip, grunt_vaults_twisty, hangedman_vaults_slither,
          nicolae_vaults_network_quincunx
          [nicolae_vaults_network_quincunx_subvault,
          nicolae_vaults_network_quincunx_subvault,
          nicolae_vaults_network_quincunx_subvault,
          nicolae_vaults_network_quincunx_subvault,
          nicolae_vaults_network_quincunx_subvault], vaults_room_fours,
          nicolae_vaults_network_square, ontoclasm_vaults_claustrophobia,
          nicolae_vaults_circle_grid_a, ontoclasm_vaults_fault,
          nicolae_vaults_little_squares_5, nicolae_vaults_rhombus_7,
          nicolae_vaults_theta, vaults_room_glass_cross,
          vaults_room_stairs_pillars, layout_vaults_maze, uniq_asterion
Vaults:2: v_misc_18, nicolae_vaults_ninety_degrees, vaults_mumra_hex,
          nicolae_vaults_gold_heap, vaults_room_pools,
          ontoclasm_vaults_ligature, minmay_crypt_entry_simple_box,
          layout_vaults_omnigrid
Vaults:3: nicolae_vaults_branching_niches, grunt_vaults_funnel,
          nicolae_vaults_mini_display_case, hangedman_vaults_variations,
          nicolae_vaults_specimen_jars, hangedman_vaults_nails,
          vaults_dpeg_emergency_exit, v_misc_2, hangedman_vaults_restitches,
          hangedman_vaults_corner_blocks, vaults_dpeg_diagonal,
          layout_vaults_ring, uniq_nikola, uniq_frederick
Vaults:4: vaults_dpeg_cross, grunt_vaults_trifunnel, dpeg_vaults_monster_row,
          vaults_room_pool, nicolae_vaults_angled_halls, hangedman_vaults_nodes,
          v_pattern_4, vaults_room_hallway, hangedman_vaults_impose,
          vaults_room_stairs_pillars, ontoclasm_vaults_ring_small,
          grunt_vaults_hallway_short, vaults_room_stairs_pillars,
          dpeg_vaults_hating_casters, vaults_dpeg_ring,
          nicolae_vaults_yaktaur_gun_rack, layout_vaults_big_cross, uniq_zenata

Skill      XL: |  1  2  3  4  5  6  7  8  9 10 11 12 13 14 15 16 17 18 19 20 21 22 |
---------------+-------------------------------------------------------------------+-----
Axes           | 2 3 4 5 8 9 11 12 13 15 16 18 | 18.0
Dodging        | 1 2 3 5 7 8 9 |  9.0
Fighting       | 4 6 7 9 10 11 12 13 14 15 17 18 19 21 | 21.0
Armour         | 4 5 6 7 8 9 10 11 12 14 15 16 17 | 17.8
Throwing       | 1 2 4 5 6 9 10 11 12 | 12.0
Invocations    | 4 8 10 | 10.0
Shields        | 4 5 6 7 8 13 15 16 17 18 | 18.0

Action                   |  1- 3 |  4- 6 |  7- 9 | 10-12 | 13-15 | 16-18 | 19-21 | 22-24 || total
-------------------------+-------+-------+-------+-------+-------+-------+-------+-------++-------
Melee: War axe           |    88 |   141 |   283 |   540 |   150 |       |       |       ||  1202
       Morningstar       |       |       |       |    24 |    25 |    62 |       |       ||   111
       Broad axe         |       |       |       |       |   839 |  1538 |  2073 |   145 ||  4595
Throw: Boomerang         |       |    29 |    69 |    84 |    80 |       |     3 |       ||   265
       Javelin           |       |       |       |       |   114 |   115 |   109 |     1 ||   339
Invok: Heroism           |       |       |     5 |    35 |    42 |    55 |    43 |     4 ||   184
       Finesse           |       |       |       |     2 |    12 |    13 |    10 |       ||    37
  Use: Scroll            |     4 |     3 |     7 |    11 |     5 |     9 |     4 |       ||    43
       Potion            |     1 |       |     4 |     4 |     2 |     7 |     5 |     3 ||    26
 Stab: Confused          |       |       |     2 |       |       |     2 |       |       ||     4
       Paralysed         |       |       |       |     1 |       |       |       |       ||     1
       Distracted        |       |       |       |       |       |     1 |     2 |       ||     3
Armor: Scale mail        |    38 |    45 |    46 |       |       |       |       |       ||   129
       Plate armour      |       |       |    86 |   187 |   456 |   872 |       |       ||  1601
       Pearl dragon scal |       |       |       |       |       |    47 |   744 |   195 ||   986
Dodge: Dodged            |    42 |    45 |    65 |   113 |   232 |   415 |   538 |   161 ||  1611
Block: Buckler           |    24 |    60 |   126 |   210 |   476 |     3 |       |       ||   899
       Reflection        |       |       |     1 |     9 |    27 |    42 |    39 |    43 ||   161
       Kite shield       |       |       |       |       |       |  1170 |  1407 |   287 ||  2864

Table legend:
 A = Non-vault XP
 B = Vault XP
 C = Vault XP percentage of total XP
 D = Non-vault monster count
 E = Vault monster count
 F = Vault count percentage of total count
                 A         B        C        D         E       F
            +---------+---------+-------+---------+---------+-------
      Total |  396109 |  223069 |  36.0 |    1018 |     468 |  31.5
            +---------+---------+-------+---------+---------+-------
        D:1 |      18 |       0 |   0.0 |      10 |       0 |   0.0
        D:2 |      18 |      32 |  64.0 |      13 |       1 |   7.1
        D:3 |      76 |      10 |  11.6 |      26 |       5 |  16.1
        D:4 |     459 |     629 |  57.8 |      19 |       1 |   5.0
        D:5 |     948 |      99 |   9.5 |      21 |       1 |   4.5
        D:6 |     873 |       0 |   0.0 |      17 |       0 |   0.0
        D:7 |    1252 |     221 |  15.0 |      31 |      31 |  50.0
        D:8 |     869 |       0 |   0.0 |      23 |       0 |   0.0
        D:9 |    1646 |    1403 |  46.0 |      17 |       6 |  26.1
       D:10 |    2449 |     878 |  26.4 |      16 |       1 |   5.9
       D:11 |    4776 |    6393 |  57.2 |      28 |      18 |  39.1
       D:12 |    3412 |       0 |   0.0 |      15 |       0 |   0.0
       D:13 |   10257 |    5598 |  35.3 |      29 |       9 |  23.7
       D:14 |   13973 |     588 |   4.0 |      27 |       1 |   3.6
       D:15 |    8180 |    2352 |  22.3 |      13 |       4 |  23.5
     Lair:1 |    5318 |     539 |   9.2 |      21 |       3 |  12.5
     Lair:2 |    5801 |    5982 |  50.8 |      27 |      16 |  37.2
     Lair:3 |   10142 |     345 |   3.3 |      36 |       3 |   7.7
     Lair:4 |    8666 |    1806 |  17.2 |      25 |       5 |  16.7
     Lair:5 |   10792 |    8565 |  44.2 |      35 |      46 |  56.8
    Swamp:1 |   23119 |    6924 |  23.0 |      37 |      13 |  26.0
    Swamp:2 |    7288 |    2998 |  29.1 |      15 |       1 |   6.2
    Swamp:3 |   10743 |   12773 |  54.3 |      28 |      12 |  30.0
    Swamp:4 |   13803 |   18523 |  57.3 |      24 |      28 |  53.8
    Snake:1 |   17714 |    4712 |  21.0 |      38 |       7 |  15.6
    Snake:2 |   18112 |    1663 |   8.4 |      34 |       2 |   5.6
    Snake:3 |   15897 |       0 |   0.0 |      30 |       0 |   0.0
    Snake:4 |   15173 |   12355 |  44.9 |      31 |      21 |  40.4
      Orc:1 |    1463 |    1737 |  54.3 |      20 |       2 |   9.1
      Orc:2 |    2066 |   15823 |  88.5 |      14 |      62 |  81.6
   Vaults:1 |   42207 |   28513 |  40.3 |      57 |      34 |  37.4
   Vaults:2 |   47859 |   16706 |  25.9 |      70 |      22 |  23.9
   Vaults:3 |   32052 |   30182 |  48.5 |      54 |      38 |  41.3
   Vaults:4 |   19195 |   29042 |  60.2 |      29 |      38 |  56.7
    Abyss:3 |   39493 |       0 |   0.0 |      88 |       0 |   0.0
      Sewer |       0 |     492 | 100.0 |       0 |      28 | 100.0
   Gauntlet |       0 |    5186 | 100.0 |       0 |       9 | 100.0
            +---------+---------+-------+---------+---------+-------
